 Dungeon Crawl Stone Soup version 0.23-a0-295-g2e428d4 (webtiles) character file.

1892677 mhoghedin the Slayer (level 27, 184/214 HPs)
             Began as a Formicid Fighter on Oct 4, 2018.
             Was the Champion of Yredelemnul.
             Escaped with the Orb
             ... and 3 runes!
             The game lasted 02:29:05 (53596 turns).

mhoghedin the Slayer (Formicid Fighter)            Turns: 53596, Time: 02:29:06

Health: 184/214    AC: 43    Str: 34    XL:     27
Magic:  33/33      EV: 15    Int: 15    God:    Yredelemnul [******]
Gold:   4167       SH: 32    Dex: 10    Spells: 26/26 levels left

rFire    + + .     SeeInvis +   a - +8 great mace of Ramexyej {freeze, rF- Str-4 Int+5}
rCold    + + +     Gourm    .   f - +6 large shield of Widenoycea {*Corrode rPois rC++ Str+4}
rNeg     + . .     Faith    .   N - +9 scales of the Dragon King {rPois rF+ rC+ MR+}
rPois    +         Spirit   +   (helmet unavailable)
rElec    +         Reflect  .   Y - scarf {rC+ rF+}
rCorr    .         Harm     .   y - +2 pair of gloves {archery}
MR       ++++.                  B - +2 pair of boots
Stlth    ..........             n - amulet of guardian spirit {Spirit}
HPRegen  0.45/turn              u - ring "Paell" {rN+ Str+4}
MPRegen  0.23/turn              p - ring of Monotheism {rPois MR+ Slay+3}

@: no status effects
A: permanent stasis, dig shafts and tunnels, four strong arms, antennae 3, large
bone plates 1, molten scales 1, rugged brown scales 1, clumsy 1, fire resistance
1, frail 1, screaming 1, electricity resistance
0: Orb of Zot
}: 3/15 runes: decaying, serpentine, silver
a: Dig, Shaft Self, Recall Undead Slaves, Injury Mirror, Animate Dead, Drain
Life, Enslave Soul, Renounce Religion


You escaped.
You worshipped Yredelemnul.
Yredelemnul was exalted by your worship.
You were full.

You visited 9 branches of the dungeon, and saw 49 of its levels.
You also visited: Labyrinth and Ice Cave.

You collected 8261 gold pieces.
You spent 4094 gold pieces at shops.

Inventory:

Hand Weapons
 a - the +8 great mace of Ramexyej (weapon) {freeze, rF- Str-4 Int+5}
   (You found it on level 9 of the Dungeon)

   It has been specially enchanted to freeze those struck by it, causing extra
   injury to most foes and up to half again as much damage against particularly
   susceptible opponents.
   It can also slow down cold-blooded creatures.
   It affects your strength (-4).
   It affects your intelligence (+5).
   It makes you vulnerable to fire.
 b - the +0 quarterstaff "Guwai" {flame, rF+++ rC+ Str+4 Int-3}
   (You acquired it on level 9 of the Dungeon)

   It has been specially enchanted to burn those struck by it, causing extra
   injury to most foes and up to half again as much damage against particularly
   susceptible opponents.
   It affects your strength (+4).
   It affects your intelligence (-3).
   It renders you almost immune to fire.
   It protects you from cold.
Missiles
 e - 5 throwing nets {=f, !d}
Armour
 f - the +6 large shield of Widenoycea (worn) {*Corrode rPois rC++ Str+4}
   (You found it on level 3 of the Depths)

   It affects your strength (+4).
   It greatly protects you from cold.
   It protects you from poison.
   It may corrode you when you take damage.
 y - a +2 pair of gloves of archery (worn)
   (You bought it in a shop on level 4 of the Vaults)
 B - a +2 pair of boots (worn)
   (You found it on level 6 of the Dungeon)
 N - the +9 scales of the Dragon King (worn) {rPois rF+ rC+ MR+}
   (You found it on level 3 of the Elven Halls)

   It protects you from fire.
   It protects you from cold.
   It protects you from poison.
   It affects your resistance to hostile enchantments.
 T - a +1 cloak
   (You took it off a draconian annihilator on level 5 of the Realm of Zot)
 Y - a scarf of resistance (worn)
   (You found it on level 3 of the Vaults)
Jewellery
 n - an amulet of guardian spirit (around neck) {Spirit}
   (You found it on level 1 of the Swamp)
 p - the ring of Monotheism (right hand) {rPois MR+ Slay+3}
   (You took it off a deep elf demonologist on level 3 of the Elven Halls)

   [ring of protection from magic]

   It affects your accuracy and damage with ranged weapons and melee attacks
   (+3).
   It protects you from poison.
   It affects your resistance to hostile enchantments.
 u - the ring "Paell" (left hand) {rN+ Str+4}
   (You found it on level 3 of the Elven Halls)

   [ring of positive energy]

   It affects your strength (+4).
   It protects you from negative energy.
 L - the ring "Kotrea" {+Blink rElec MP+9 Str-5 Dex-3}
   (You found it on level 9 of the Dungeon)

   [ring of magical power]

   It affects your strength (-5).
   It affects your dexterity (-3).
   It insulates you from electricity.
   It affects your magic capacity (+9).
   It lets you blink.
 R - an uncursed ring of protection from cold {rC+, !d}
   (You found it on level 1 of the Realm of Zot)
Wands
 j - a wand of clouds (4)
   (You found it on level 3 of the Vaults)
 v - a wand of digging (18)
   (You found it on level 5 of the Dungeon)
 w - a wand of acid (27)
   (You found it on level 1 of the Swamp)
 S - a wand of scattershot (6)
   (You took it off an orc knight on level 5 of the Vaults)
Scrolls
 c - a scroll of magic mapping {!r}
 g - 26 scrolls of remove curse
 l - 2 scrolls of fog
 m - 7 scrolls of immolation {!r}
 r - 3 scrolls of identify
 t - a scroll of enchant armour
 x - a scroll of silence
 A - 8 scrolls of fear
 C - 2 scrolls of summoning
 G - 8 scrolls of enchant weapon
 I - 10 scrolls of amnesia
 O - 2 scrolls of torment {!r}
Potions
 d - 4 potions of magic
 h - 2 potions of ambrosia
 i - 9 potions of brilliance
 o - 8 potions of heal wounds
 s - 30 potions of curing
 z - 6 potions of cancellation
 H - 2 potions of agility
 M - 4 potions of flight
 P - 2 potions of mutation {!q}
 U - 3 potions of might
 W - 4 potions of lignification {!q}
Miscellaneous
 q - a phial of floods
   (You found it on level 6 of the Lair of Beasts)
 D - a lamp of fire
   (You found it on level 1 of the Realm of Zot)
 E - a lightning rod (4/4)
   (You found it on level 11 of the Dungeon)
 J - a box of beasts
 K - a fan of gales
   (You found it on level 3 of the Realm of Zot)
 Q - 2 sacks of spiders
 X - a phantom mirror
Comestibles
 k - 21 rations


   Skills:
 + Level 22.2 Fighting
   Level 4.1 Long Blades
 - Level 19.8(20.5) Maces & Flails
 - Level 10.3(16.2) Staves
 + Level 21.6 Armour
 + Level 18.6 Dodging
 - Level 15.0 Shields
 - Level 14.3 Invocations
 - Level 13.1 Evocations


You had 26 spell levels left.
You didn't know any spells.
Your spell library contained the following spells:

 Spells                   Type           Power        Failure   Level  Hunger
 Apportation              Tloc           #.....       88%         1    ##.....
 Beastly Appendage        Tmut           #.....       88%         1    ##.....
 Corona                   Hex            #......      88%         1    ##.....
 Freeze                   Ice            #...         88%         1    ##.....
 Infusion                 Chrm           #...         88%         1    ##.....
 Magic Dart               Conj           #...         88%         1    ##.....
 Sandblast                Erth           #.....       88%         1    ##.....
 Sting                    Conj/Pois      #...         88%         1    ##.....
 Summon Butterflies       Summ           #.......     88%         1    ##.....
 Call Imp                 Summ           #.......     95%         2    ###....
 Corpse Rot               Necr           N/A          95%         2    ###....
 Ensorcelled Hibernation  Hex/Ice        #.....       95%         2    ###....
 Passwall                 Tmut/Erth      #.......     95%         2    ###....
 Poisonous Vapours        Pois/Air       #.....       95%         2    ###....
 Shroud of Golubria       Chrm/Tloc      #.........   95%         2    ###....
 Slow                     Hex            #.......     95%         2    ###....
 Song of Slaying          Chrm           #.......     95%         2    ###....
 Sticks to Snakes         Tmut           #.......     95%         2    ###....
 Sublimation of Blood     Necr           #.........   95%         2    ###....
 Swiftness                Chrm/Air       #.......     95%         2    ###....
 Throw Frost              Conj/Ice       #.....       95%         2    ###....
 Confuse                  Hex            #.......     99%         3    ####...
 Conjure Flame            Conj/Fire      #.......     99%         3    ####...
 Dazzling Spray           Conj/Hex       #.....       99%         3    ####...
 Ignite Poison            Fire/Tmut/Pois #.......     99%         3    ####...
 Inner Flame              Hex/Fire       #.......     99%         3    ####...
 Lesser Beckoning         Tloc           #.........   99%         3    ####...
 Mephitic Cloud           Conj/Pois/Air  #.......     99%         3    ####...
 Ozocubu's Armour         Chrm/Ice       #.......     99%         3    ####...
 Portal Projectile        Hex/Tloc       #.....       99%         3    ####...
 Regeneration             Chrm/Necr      #.........   99%         3    ####...
 Spectral Weapon          Hex/Chrm       #.......     99%         3    ####...
 Spider Form              Tmut/Pois      #.........   99%         3    ####...
 Tukima's Dance           Hex            #.......     99%         3    ####...
 Cause Fear               Hex            #.........   100%        4    #####..
 Ice Form                 Ice/Tmut       #.......     100%        4    #####..
 Leda's Liquefaction      Hex/Erth       #.........   100%        4    #####..
 Olgreb's Toxic Radiance  Pois           #.......     100%        4    #####..
 Summon Ice Beast         Ice/Summ       #.......     100%        4    #####..
 Summon Lightning Spire   Summ/Air       #.......     100%        4    #####..
 Throw Icicle             Conj/Ice       #.......     100%        4    #####..
 Agony                    Necr           #.......     100%        5    ######.
 Alistair's Intoxication  Tmut/Pois      #.......     100%        5    ######.
 Blade Hands              Tmut           #.........   100%        5    ######.
 Bolt of Draining         Conj/Necr      #.........   100%        5    ######.
 Bolt of Magma            Conj/Fire/Erth #.........   100%        5    ######.
 Borgnjor's Vile Clutch   Necr/Erth      #.........   100%        5    ######.
 Dispel Undead            Necr           #.......     100%        5    ######.
 Excruciating Wounds      Chrm/Necr      #.........   100%        5    ######.
 Fireball                 Conj/Fire      #.........   100%        5    ######.
 Lee's Rapid Deconstruct  Erth           #.........   100%        5    ######.
 Metabolic Englaciation   Hex/Ice        #.........   100%        5    ######.
 Silence                  Hex/Air        #.........   100%        5    ######.
 Venom Bolt               Conj/Pois      #.........   100%        5    ######.
 Yara's Violent Unravell  Hex/Tmut       #.........   100%        5    ######.
 Bolt of Cold             Conj/Ice       #.........   100%        6    #######
 Bolt of Fire             Conj/Fire      #.........   100%        6    #######
 Conjure Ball Lightning   Conj/Air       #.........   100%        6    #######
 Darkness                 Hex            #.........   100%        6    #######
 Deflect Missiles         Chrm/Air       #.........   100%        6    #######
 Freezing Cloud           Conj/Ice/Air   #.........   100%        6    #######
 Invisibility             Hex            #.......     100%        6    #######
 Iron Shot                Conj/Erth      #.........   100%        6    #######
 Ozocubu's Refrigeration  Ice            #.........   100%        6    #######
 Shadow Creatures         Summ           N/A          100%        6    #######
 Simulacrum               Ice/Necr       #.........   100%        6    #######
 Statue Form              Tmut/Erth      #........    100%        6    #######
 Ring of Flames           Chrm/Fire      #.........   100%        7    #######
 Discord                  Hex            #.........   100%        8    #######
 Ignition                 Fire           #.........   100%        8    #######
 Shatter                  Erth           #.........   100%        9    #######
 Tornado                  Air            #.........   100%        9    #######
 Blink                    Tloc           Unusable     N/A         2    N/A
 Passage of Golubria      Tloc           Unusable     N/A         4    N/A

Dungeon Overview and Level Annotations

Branches:
Dungeon (15/15)            Temple (0/1) D:4            Lair (6/6) D:11
  Swamp (4/4) Lair:2        Snake (4/4) Lair:4        Slime (0/5) Lair:5
    Orc (2/2) D:12            Elf (3/3) Orc:2        Vaults (5/5) D:13
  Crypt (0/3) Vaults:3     Depths (5/5) D:15            Zot (5/5) Depths:5

Altars:
Ashenzari
Dithmenos
Elyvilon
Fedhas
Kikubaaqudgha
Nemelex Xobeh
Okawaru
Ru
Trog
Vehumet
Xom
Yredelemnul
Zin
Beogh
Lugonu

Shops:
D:5 *   Orc:2 *}??   Elf:2 !   Snake:1 !!!   Snake:3 }=}   Vaults:1 ?
Vaults:4 [!   Vaults:5 ?   Depths:2 !

Portals:
Hell: Depths:1 Depths:2 Depths:3 Depths:4 Depths:5
Abyss: Depths:4 Depths:5
Pandemonium: Depths:3 Depths:5
Ziggurat: Depths:1

Annotations:
D:7 2 transporters, TBriggs11TB's ghost, novice DrBe
Lair:2 exclusion: 2 oklob plants
Elf:2 2 runed doors
Depths:2 1 runed door
Depths:3 3 runed doors, Jiopaif's ghost, journeyman SpBe


Innate Abilities, Weirdness & Mutations

You cannot be hasted, slowed, berserked, paralysed or teleported.
You can dig through walls and to a lower floor.
Your four strong arms can wield two-handed weapons with a shield.
You have a pair of large antennae on your head. (SInv)
You are partially covered in large bone plates. (SH +4)
You are partially covered in molten scales. (AC +2)
You are partially covered in rugged brown scales. (AC +1, +3% HP)
You are clumsy. (Dex -2)
Your flesh is heat resistant. (rF+)
You are frail. (-10% HP)
You occasionally shout uncontrollably at your foes.
You are resistant to electric shocks. (rElec)


Message History

The seraph burns you. The seraph hits you but does no damage.
You block the rust devil's attack.
Something breathes, "Disclaim thyself, thou fulsome fool-born pumpion!"
You take 51 damage, and have 163/214 hp.
MASSIVE DAMAGE!!
You now have 26/33 mp.
The angel no longer looks unusually strong.
The cherub sings a powerful hymn!
The angel goes into a battle-frenzy!
The cherub no longer looks unusually strong.
The cherub sings a powerful hymn!
The cherub goes into a battle-frenzy!
You block the angel's attack. x2
There is an escape hatch in the ceiling here.
The cherub no longer looks unusually strong.
The cherub sings a powerful hymn! x2
The cherub goes into a battle-frenzy!
A mysterious force pulls you upwards. The hatch slams shut behind you.
The smoke demon roars!
A red devil comes into view.
It is wielding a demon trident of draining.
A hellwing comes into view.
A hellwing comes into view.
The hellwing gives a chilling moan.
The red devil closely misses you. You block the angel's attack.
The angel completely misses you. You block the red devil's attack.
The smoke demon gestures at you. Something smites you!
You take 9 damage, and have 156/214 hp.
You now have 26/33 mp.
A rock wall.
This square is lit by a halo and is covered in magical glow.
The rock shatters into small pieces.
You block the angel's attack. x2
You block the red devil's attack.
The angel hits you with a whip of holy wrath. x2
You take 5 damage, and have 151/214 hp.
You now have 24/33 mp.
The angel hits you but does no damage. You block the angel's attack.
The smoke demon gestures at you.
The ball of steam hits the red devil.
The red devil resists.
The ball of steam misses you.
The hellwing is engulfed in a cloud of scalding steam.
You block the angel's attack. The angel hits you but does no damage.
A sixfirhy comes into view.
You block the sixfirhy's attack. x2
The hellwing swoops through the air toward you!
You block the hellwing's attack. x2; The angel hits you but does no damage.
You block the angel's attack. You block the hellwing's attack. x2
A rock wall.
This square is lit by a halo and is covered in magical glow.
The rock shatters into small pieces.
You block the angel's attack.
The angel hits you with a whip of holy wrath!
The hellwing completely misses you. The hellwing closely misses you.
You block the angel's attack. The angel hits you but does no damage.
You block the red devil's attack.
You take 7 damage, and have 147/214 hp.
You now have 25/33 mp.
The angel no longer looks unusually strong.
You block the sixfirhy's attack. x2
You block the sixfirhy's attack. The sixfirhy barely misses you.
The sixfirhy closely misses you.
There is a stone staircase leading up here.
You block the sixfirhy's attack.
You climb upwards.
There is a stone staircase leading down here.
There is a stone staircase leading up here.
You climb upwards.
You feel a little less agile now.
There is a stone staircase leading down here.
You regained 2 hp, and now have 158/214 hp.
(D) Dungeon (T) Temple (L) Lair (S) Swamp (P) Snake Pit (M) Slime Pits (O) Orcish Mines (E) Elven Halls (V) Vaults (C) Crypt (U) Depths (H) Hell (Z) Zot
Where to? (Enter - D:4, ? - help)
An Orb Guardian comes into view.
You regained 3 hp, and now have 161/214 hp.
Unknown command.
You feel a little less mighty now.
MP restored: 33 You found a teleport trap!
You see here a dagger.
There is a stone staircase leading up here.
You climb upwards.
There is a stone staircase leading down here.
A rock wall.
This square is covered in magical glow.
The rock shatters into small pieces.
A hell beast comes into view.
You flatten the hell beast like a pancake!!!
You freeze the hell beast. You block the hell beast's attack. x2
You beat the hell beast like a drum!!!
You freeze the hell beast.
You kill the hell beast!
Yredelemnul accepts your kill.
A rock wall.
This square is covered in magical glow.
The rock shatters into small pieces.
That item cannot be evoked!
There is an open door here.
There is a staircase leading out of the dungeon here.
You can't go down here!
You have escaped!

.'.........###.........+.........
.#..####.### ###.####..#.##.#....
.#.#.###.# #)###.#.#.####....
.#.##.#.## ##.#.##.#.# #....
.#.###.## ##.###.#.# #####
.#.##.#.## ##.#.##.#.# .#.#.###.#
#.###.#.#.# .#..####.###
###.####..#.#
.'.........###..@......'.#
.##.####.##.#.##.####.####
.###.###.###.###.###.## .#
##.##.##.#.##.##.## ##########
.#####.#.#.###.#.#.## #.........
....###...#####...## ##########
....# ##......[..## .####
#'#######'# .# #.# ##.#


There were no monsters in sight!

Vanquished Creatures
  7 ancient liches
  3 orbs of fire (Zot:5)
  A curse toe (Zot:3)
  Saint Roka (Vaults:5)
  2 Killer Klowns (Zot:5)
  A caustic shrike (Depths:3)
  8 golden dragons
  Jory (Vaults:5)
  A pandemonium lord (D:9)
  4 electric golems
  14 tentacled monstrosities
  A titan (Depths:4)
  A deep elf blademaster (Elf:2)
  20 Orb Guardians
  2 liches
  9 quicksilver dragons
  7 death cobs
  A sphinx (Vaults:5)
  2 thorn hunters (Swamp:3)
  Kirke (Elf:1)
  A draconian monk (Zot:3)
  13 shadow dragons
  6 fire giants
  6 tengu reavers
  2 nagarajas
  4 storm dragons
  8 frost giants
  9 draconian knights
  7 draconian shifters
  2 deep elf sorcerers
  3 draconian scorchers
  10 vault wardens
  4 deep elf elementalists (Elf:3)
  A spriggan defender (Depths:4)
  5 draconian stormcallers
  7 draconian annihilators
  10 ironheart preservers
  14 stone giants
  2 vampire knights
  7 green draconians
  10 very ugly things
  A deep elf demonologist (Elf:3)
  2 war gargoyles (Vaults:5)
  7 red draconians
  12 black draconians
  5 spark wasps
  2 purple draconians
  9 yellow draconians
  12 white draconians
  A minotaur (Lab)
  A deep elf death mage (Depths:4)
  The ghost of Hinish the Severer, a journeyman DDFi of Makhleb (Lair:3)
  A jiangshi (Depths:2)
  10 ettins
  A crystal guardian (Vaults:3)
  6 fire dragons
  12 yaktaur captains
  3 great orbs of eyes
  3 deep elf high priests (Elf:3)
  3 naga warriors
  A rakshasa (Depths:1)
  A hydra (shapeshifter) (Depths:5)
  2 ice dragons
  15 vault guards
  3 hell beasts
  A spriggan air mage (Depths:3)
  A catoblepas (D:14)
  A centaur warrior (Vaults:4)
  2 anacondas
  A ghost crab (Swamp:4)
  10 ogre magi
  12 hydras
  6 alligators
  A shambling mangrove (Swamp:4)
  A death knight (Vaults:4)
  2 death yaks (Lair:6)
  28 two-headed ogres
  A vampire mage (Depths:3)
  A tengu warrior (Depths:1)
  2 small abominations (Elf:3)
  7 deep troll shamans
  11 deep troll earth magi
  5 naga sharpshooters
  2 dancing weapons
  A shock serpent (Snake:4)
  2 spriggan berserkers (Depths:5)
  Urug (Orc:1)
  3 deep elf knights
  A shadow wraith (Vaults:4)
  5 skeletal warriors
  A sun demon (D:15)
  3 iron trolls
  7 spriggans
  7 hell knights
  A spriggan druid (Swamp:4)
  An unseen horror (shapeshifter) (Vaults:1)
  A spark wasp zombie (D:15)
  3 unseen horrors
  3 glowing orange brains
  A deep troll (shapeshifter) (Depths:1)
  3 naga ritualists
  A glowing orange brain (shapeshifter) (Vaults:5)
  14 deep trolls
  3 wizards
  2 harpies (Vaults:5)
  11 ironbrand convokers
  4 necromancers
  2 phantasmal warriors
  6 swamp dragons
  9 deep elf magi
  7 mana vipers
  7 orc knights
  5 deep elf archers
  2 wolf spiders
  A cyclops (shapeshifter) (Vaults:5)
  4 orc sorcerers
  3 cyclopes
  4 manticores
  A salamander (Snake:3)
  24 ugly things
  20 moths of wrath
  A centaur zombie (D:13)
  A rust devil (Depths:2)
  9 black mambas
  4 gargoyles
  3 guardian serpents (Snake:3)
  5 vault sentinels
  A smoke demon (Depths:4)
  A spiny frog (shapeshifter) (Depths:3)
  5 naga magi
  6 komodo dragons
  9 spiny frogs
  A spectral swamp worm (Depths:3)
  35 yaktaurs
  3 freezing wraiths
  A rime drake (Lair:6)
  A komodo dragon (shapeshifter) (Vaults:4)
  A red devil (Depths:2)
  2 ice devils (IceCv)
  A spark wasp simulacrum (Depths:4)
  2 efreet
  A queen bee (D:15)
  A tengu conjurer (Depths:1)
  9 trolls
  4 tyrant leeches
  A polar bear (shapeshifter) (Vaults:1)
  2 meliai
  8 polar bears
  A meliai (shapeshifter) (Vaults:4)
  2 hornets (shapeshifter) (D:11)
  10 hornets
  Prince Ribbit (D:8)
  Grinder (D:3)
  A raiju (shapeshifter) (D:11)
  9 blink frogs
  20 slime creatures
  7 bog bodies
  10 hippogriffs
  A spectral black mamba (Lair:4)
  A fire dragon zombie (D:15)
  A spriggan (shapeshifter) (Vaults:3)
  3 wraiths
  A shadow (D:15)
  3 redbacks (Elf:2)
  3 water elementals
  4 wyverns
  15 yaks
  A basilisk (shapeshifter) (Vaults:4)
  3 basilisks
  3 hogs (Elf:1)
  Grum (D:8)
  6 fire elementals
  A neqoxec (D:11)
  14 vampire mosquitoes
  A human (shapeshifter) (Depths:5)
  2 insubstantial wisps (Swamp:1)
  A steam dragon (D:11)
  Edmund (D:6)
  13 wargs
  An acid dragon (D:12)
  A spectral spiny frog (Lair:4)
  15 nagas
  2 nagas (shapeshifter)
  14 swamp worms
  6 water moccasins
  A floating eye (Depths:5)
  2 hell hounds (D:13)
  Duvessa (D:5)
  6 porcupines
  21 orc warriors
  6 swamp drakes
  7 sky beasts
  An eye of draining (D:8)
  8 black bears
  A sky beast (shapeshifter) (D:13)
  2 necrophages
  31 ogres
  4 ice beasts
  3 centaurs
  11 wolves
  A phantom (D:7)
  7 crocodiles
  An eye of draining (shapeshifter) (Elf:2)
  An elf simulacrum (Depths:4)
  14 bullfrogs
  3 big kobolds
  2 earth elementals (Elf:2)
  Dowan (D:5)
  A wyvern skeleton (D:15)
  2 scorpions
  15 killer bees
  2 wights
  An electric eel (Lair:2)
  2 howler monkeys
  4 crimson imps
  A quasit (Depths:3)
  2 jellies
  20 orc wizards
  Crazy Yiuf (D:3)
  A gnoll shaman (D:2)
  10 orc priests
  5 hounds
  A centaur skeleton (D:12)
  2 iguanas
  An iron imp (Depths:1)
  Jessica (D:3)
  11 worker ants
  Ijyb (D:5)
  Natasha (thrice) (D:2)
  A hound zombie (D:5)
  A worker ant zombie (D:7)
  10 gnolls
  12 adders
  7 shadow imps
  An ooze (D:4)
  An adder zombie (D:9)
  A worm (D:3)
  A dart slug (D:4)
  5 leopard geckos
  58 orcs
  8 bats
  4 giant cockroaches
  8 goblins
  2 hobgoblins (D:3)
  9 jackals
  9 kobolds
  4 quokkas
  A ball python (D:3)
  A ball python skeleton (D:6)
  3 frilled lizards
  2 quokka skeletons
  11 rats
  A crawling corpse (Depths:3)
1282 creatures vanquished.

Vanquished Creatures (collateral kills)
  A juggernaut (Depths:4)
  A caustic shrike (Depths:4)
  6 golden dragons
  the Enchantress (Depths:4)
  2 electric golems
  A lich (Depths:3)
  5 tentacled monstrosities
  4 Orb Guardians
  A deep elf blademaster (Elf:3)
  2 deep elf master archers (Elf:3)
  Asterion (Elf:1)
  5 titans
  3 quicksilver dragons
  3 sphinxes
  3 death cobs (Zot:1)
  Agnes (Snake:3)
  A tengu reaver (Depths:3)
  A thorn hunter (Swamp:4)
  3 storm dragons
  A draconian monk (Zot:5)
  6 nagarajas
  2 shadow dragons
  Roxanne (Elf:1)
  3 fire giants
  8 frost giants
  4 deep elf sorcerers
  A ghoul (Vaults:4)
  A draconian stormcaller (Zot:2)
  4 deep elf elementalists
  3 draconian scorchers
  8 vault wardens
  2 spriggan defenders (Depths:4)
  A war gargoyle (Vaults:5)
  3 draconian annihilators (Zot:5)
  7 very ugly things
  An entropy weaver (Vaults:3)
  The ghost of Pamm the Cruncher, a journeyman NaWz of Kikubaaqudgha (Lair:4)
  A reaper (Zot:1)
  7 ironheart preservers
  19 stone giants
  2 green draconians
  2 black draconians
  A deep elf demonologist (Elf:3)
  4 white draconians
  7 deep elf annihilators (Elf:3)
  Azrael (D:13)
  A vampire knight (Vaults:3)
  A red draconian (Zot:3)
  4 yellow draconians
  A purple draconian (Depths:5)
  A spark wasp (Depths:4)
  3 deep elf death magi
  2 merfolk javelineers
  3 ettins
  7 deep elf high priests
  A jiangshi (Depths:2)
  9 yaktaur captains
  2 great orbs of eyes
  14 hydras
  9 fire dragons
  18 vault guards
  2 spriggan air magi
  6 rakshasas
  10 naga warriors
  8 ice dragons
  5 catoblepae
  4 centaur warriors
  Harold (Lair:2)
  15 two-headed ogres
  A death knight (Vaults:3)
  3 anacondas
  A ghost crab (Swamp:4)
  A shambling mangrove (Swamp:2)
  15 dancing weapons
  5 ogre magi
  An alligator (Swamp:4)
  7 deep troll shamans
  2 deep troll earth magi
  A vampire mage (Depths:2)
  3 tengu warriors
  4 death yaks (Lair:6)
  16 naga sharpshooters
  4 shock serpents
  2 deep elf knights
  5 hell knights
  A skeletal warrior (D:15)
  Sonja (Lair:2)
  A salamander mystic (Snake:4)
  7 spriggans
  2 flayed ghosts
  2 iron trolls
  19 deep trolls
  An unseen horror (D:12)
  2 spriggan druids (Swamp:4)
  2 sea snakes (Snake:3)
  5 swamp dragons (Swamp:4)
  An unseen horror (shapeshifter) (Vaults:2)
  A spectral hydra (Lair:4)
  3 wizards
  2 deep elf archers
  4 orc knights
  2 naga ritualists (Snake:1)
  5 harpies
  8 ironbrand convokers
  2 phantasmal warriors
  A wolf spider zombie (D:15)
  A golden dragon skeleton (Depths:4)
  4 necromancers
  2 mana vipers
  2 orc sorcerers
  20 deep elf magi
  3 moths of wrath
  A stone giant zombie (D:15)
  A wolf spider (shapeshifter) (Vaults:5)
  4 salamanders
  2 cyclopes
  20 ugly things
  2 oklob plants (Lair:2)
  2 manticores
  A rust devil (Zot:1)
  8 black mambas
  A centaur zombie (D:12)
  20 naga magi
  5 vault sentinels
  4 spectral swamp worms (Depths:3)
  3 kobold demonologists (D:15)
  A centaur skeleton (D:15)
  5 spiny frogs
  4 freezing wraiths
  26 yaktaurs
  3 komodo dragons
  An efreet (D:15)
  5 tengu conjurers
  A red devil (Depths:5)
  A yaktaur skeleton (D:15)
  A troll (shapeshifter) (Vaults:4)
  A polar bear (Lair:6)
  9 hornets
  4 meliai
  2 trolls
  A jumping spider (shapeshifter) (Vaults:1)
  7 tyrant leeches
  8 bog bodies
  3 blink frogs
  2 dream sheep (D:8)
  A raiju (shapeshifter) (Vaults:3)
  14 slime creatures
  A meliai zombie (D:11)
  A hippogriff (Lair:6)
  4 redbacks (Elf:2)
  A spriggan (shapeshifter) (Vaults:3)
  An air elemental (Elf:3)
  2 wyverns
  14 yaks
  4 water elementals
  3 basilisks
  4 hogs (Elf:1)
  A neqoxec (D:11)
  6 fire elementals
  A chaos spawn (Zot:3)
  2 hungry ghosts
  3 insubstantial wisps
  4 vampire mosquitoes
  17 nagas
  A water moccasin (Lair:5)
  3 wargs
  A spectral spiny frog (Lair:4)
  4 hell hounds
  2 swamp worms
  A floating eye (shapeshifter) (Depths:2)
  A porcupine (Lair:1)
  7 swamp drakes
  A black bear (Lair:2)
  17 orc warriors
  A sky beast (D:11)
  A phantom (D:10)
  6 wolves
  26 ogres
  3 centaurs
  A crocodile (Lair:3)
  8 big kobolds
  Blork the orc (D:6)
  5 bullfrogs
  3 earth elementals
  2 gnoll sergeants (D:12)
  A scorpion (D:11)
  A dream sheep simulacrum (Lair:4)
  17 killer bees (D:15)
  4 wights (D:10)
  A howler monkey (D:8)
  3 electric eels (Lair:2)
  2 bullfrog zombies
  4 crimson imps
  2 quasits
  A jelly (D:13)
  A hound (D:7)
  13 orc priests
  A bullfrog skeleton (D:13)
  12 orc wizards
  3 worker ants
  A hound zombie (D:9)
  2 adders
  2 gnolls (D:7)
  3 shadow imps
  40 orcs
  A giant cockroach (shapeshifter) (D:11)
  3 jackals
  10 kobolds
  A quokka (D:9)
  4 briar patches
  3 bushes
  3 crawling corpses (Depths:3)
  34 fungi
  26 plants
  A withered plant (D:15)
986 creatures vanquished.

Vanquished Creatures (others)
  4 profane servitors
  3 bone dragons
  A death cob (Zot:5)
  A deep elf sorcerer (Elf:3)
  3 ghouls
  11 vampire knights
  A yellow draconian (Zot:5)
  A deep elf death mage (Elf:3)
  2 deep elf high priests
  The ghost of namelastname112 the Fighter, a journeyman DrWn of Okawaru (D:11)
  2 quicksilver dragon zombies
  A spectral naga (Vaults:3)
  A naga warrior (Snake:4)
  A hydra (Swamp:4)
  An ogre mage (D:11)
  3 storm dragon zombies
  12 skeletal warriors
  2 golden dragon zombies
  9 flayed ghosts
  4 shadow dragon zombies
  11 phantasmal warriors
  A sphinx zombie (Vaults:5)
  9 draconian zombies
  3 stone giant zombies
  3 ugly thing zombies
  An ugly thing (D:11)
  2 naga magi (Snake:4)
  2 red draconian zombies (Zot:3)
  A yellow draconian zombie (Zot:2)
  2 green draconian zombies (Zot:5)
  5 yaktaur zombies
  3 swamp worm zombies
  4 white draconian zombies
  A freezing wraith (D:11)
  An elf skeleton (Vaults:5)
  4 harpy zombies
  A hydra zombie (Swamp:4)
  An ettin zombie (Vaults:5)
  9 moth of wrath zombies
  2 fire dragon zombies (Zot:4)
  An ice dragon zombie (Depths:1)
  3 black mamba zombies
  A wraith (Lair:2)
  2 spriggans (Swamp:4)
  7 flying skulls
  11 vampires
  A tyrant leech zombie (Swamp:4)
  A tengu zombie (Depths:1)
  3 ogre zombies
  2 insubstantial wisps (Swamp:4)
  A naga (Snake:4)
  2 spiny frog zombies
  4 two-headed ogre zombies
  A sky beast (D:11)
  2 swamp dragon zombies
  10 elf zombies
  An eye of draining (D:11)
  3 hornet zombies
  An ogre (Vaults:4)
  A blink frog zombie (Lair:4)
  A hog zombie (Elf:1)
  4 vampire mosquito zombies
  A water moccasin zombie (Lair:4)
  A wyvern zombie (Depths:3)
  3 yak zombies
  5 warg zombies
  3 spriggan zombies (Swamp:4)
  A warg skeleton (D:10)
  5 wolf zombies
  3 wights
  A centaur zombie (D:8)
  2 black bear zombies
  2 bullfrog zombies
  A basilisk zombie (D:11)
  4 bog body skeletons (Swamp:4)
  2 porcupine zombies (Lair:3)
  A worker ant (D:5)
  7 killer bee zombies
  A big kobold zombie (D:10)
  A crocodile zombie (D:11)
  12 naga zombies
  A sky beast zombie (D:5)
  A hound zombie (D:12)
  An ogre skeleton (D:6)
  A mummy (D:11)
  A worker ant zombie (D:13)
  14 human zombies
  A swamp drake zombie (Swamp:4)
  2 scorpion zombies
  2 white imps (IceCv)
  4 ufetubi (IceCv)
  2 adder zombies (D:8)
  A goblin zombie (D:5)
  23 orc zombies
  A gnoll zombie (D:7)
  A jackal (D:8)
  A jackal skeleton (D:8)
  3 jackal zombies
  3 kobold zombies (D:10)
  A leopard gecko zombie (D:6)
  6 orc skeletons
  2 briar patches (Swamp:3)
  A bush (Swamp:4)
  A crawling corpse (Elf:3)
  14 fungi
  4 plants
  6 toadstools (Swamp:3)
  A withered plant (D:5)
348 creatures vanquished.

Grand Total: 2616 creatures vanquished

Notes
Turn   | Place    | Note
-------+----------+-------------------------------------------
     0 | D:1      | mhoghedin the Formicid Fighter began the quest for the Orb.
     0 | D:1      | Reached XP level 1. HP: 18/18 MP: 1/1
   118 | D:1      | Reached XP level 2. HP: 23/24 MP: 2/2
   255 | D:1      | Reached XP level 3. HP: 18/29 MP: 3/3
  1082 | D:2      | Noticed Natasha
  1089 | D:2      | Killed Natasha
  1089 | D:2      | Reached skill level 1 in Dodging
  1089 | D:2      | Reached skill level 4 in Shields
  1089 | D:2      | Reached XP level 4. HP: 27/37 MP: 4/4
  1093 | D:2      | Noticed Natasha
  1098 | D:2      | Killed Natasha
  1113 | D:2      | Reached skill level 4 in Fighting
  1113 | D:2      | Reached skill level 4 in Armour
  1113 | D:2      | Reached XP level 5. HP: 26/42 MP: 5/5
  1118 | D:2      | HP: 7/42 [gnoll/spear (7)]
  1123 | D:2      | HP: 3/42 [gnoll/spear (7)]
  1124 | D:2      | HP: 1/42 [gnoll/spear (7)]
  1131 | D:2      | HP: 9/42 [gnoll/spear (1)]
  1134 | D:2      | Gained mutation: You are partially covered in rugged brown
                  | scales. (AC +1, +3% HP) [potion of mutation]
  1134 | D:2      | Gained mutation: Armour fits poorly on your strangely
                  | shaped body. [potion of mutation]
  1134 | D:2      | Gained mutation: Your flesh is heat resistant. (rF+)
                  | [potion of mutation]
  1134 | D:2      | Gained mutation: You are partially covered in molten
                  | scales. (AC +2) [potion of mutation]
  1136 | D:2      | HP: 8/43 [gnoll/spear (1)]
  1195 | D:2      | Noticed Natasha
  1452 | D:2      | Killed Natasha
  1452 | D:2      | Reached skill level 3 in Long Blades
  1974 | D:3      | Noticed Grinder
  1978 | D:3      | Noticed Jessica
  2013 | D:3      | Killed Grinder
  2013 | D:3      | Reached skill level 2 in Dodging
  2013 | D:3      | Reached skill level 5 in Shields
  2013 | D:3      | Reached XP level 6. HP: 43/50 MP: 6/6
  2013 | D:3      | Reached XP level 7. HP: 49/56 MP: 7/7
  2233 | D:3      | Killed Jessica
  2319 | D:3      | Found a runed door.
  2421 | D:3      | Found a basalt altar of Yredelemnul.
  2436 | D:3      | Became a worshipper of Yredelemnul the Dark
  2910 | D:3      | Noticed Crazy Yiuf
  2927 | D:3      | Killed Crazy Yiuf
  3147 | D:4      | Reached skill level 5 in Fighting
  3232 | D:4      | Reached skill level 5 in Armour
  3422 | D:4      | Found a staircase to the Ecumenical Temple.
  3547 | D:5      | Entered Level 5 of the Dungeon
  3549 | D:5      | Reached skill level 4 in Long Blades
  3549 | D:5      | Reached skill level 3 in Dodging
  3565 | D:5      | Noticed Duvessa
  3566 | D:5      | Noticed Ijyb
  3567 | D:5      | Reached XP level 8. HP: 63/63 MP: 8/8
  3568 | D:5      | Noticed Dowan
  3593 | D:5      | Killed Duvessa
  3593 | D:5      | Reached skill level 2 in Staves
  3603 | D:5      | Killed Dowan
  3603 | D:5      | Reached * piety under Yredelemnul
  3603 | D:5      | Reached skill level 3 in Staves
  3607 | D:5      | Killed Ijyb
  3700 | D:5      | Found an ancient bone altar of Kikubaaqudgha.
  3702 | D:5      | Found a blossoming altar of Fedhas.
  3754 | D:5      | Found Zin's Purification Station.
  3755 | D:5      | Found a glowing silver altar of Zin.
  3790 | D:5      | Found a radiant altar of Vehumet.
  3843 | D:5      | Reached skill level 2 in Invocations
  4182 | D:6      | Reached skill level 3 in Invocations
  4191 | D:6      | You fall through a shaft!
  4288 | D:7      | Found a basalt altar of Yredelemnul.
  4296 | D:7      | Noticed a hippogriff
  4302 | D:7      | Killed a hippogriff
  4302 | D:7      | Reached skill level 4 in Staves
  4325 | D:7      | Reached skill level 6 in Fighting
  4414 | D:7      | Reached XP level 9. HP: 40/71 MP: 8/11
  4543 | D:7      | Reached skill level 5 in Staves
  4566 | D:7      | Found a transporter.
  4566 | D:7      | Noticed TBriggs11TB's ghost (novice DrBe)
  4574 | D:7      | Found a transporter.
  4608 | D:7      | Reached skill level 7 in Fighting
  4695 | D:7      | Found a bloodstained altar of Trog.
  4742 | D:7      | Noticed a hippogriff
  4749 | D:7      | Killed a hippogriff
  4751 | D:7      | Reached ** piety under Yredelemnul
  4762 | D:7      | Reached skill level 6 in Staves
  4819 | D:7      | Found a shimmering altar of Xom.
  5251 | D:6      | Noticed Edmund
  5283 | D:6      | Killed Edmund
  5347 | D:6      | Noticed Blork the orc
  5353 | D:6      | Killed Blork the orc
  5353 | D:6      | Reached skill level 8 in Fighting
  5537 | D:6      | Your ally Edmund died
  5543 | D:6      | Your ally Blork died
  5789 | D:6      | Reached skill level 7 in Staves
  6331 | D:8      | Noticed Grum
  6349 | D:8      | Reached XP level 10. HP: 75/84 MP: 12/12
  6356 | D:8      | Killed Grum
  6364 | D:8      | Reached skill level 9 in Fighting
  6375 | D:8      | HP: 16/85 [wolf[Grum] (8)]
  6380 | D:8      | HP: 16/85 [poisoned by Grum]
  6387 | D:8      | HP: 15/85 [poisoned by Grum]
  6395 | D:8      | HP: 15/85 [poisoned by Grum]
  6706 | D:8      | Noticed Prince Ribbit
  6716 | D:8      | Killed Prince Ribbit
  6716 | D:8      | Reached skill level 8 in Staves
  6812 | D:8      | Noticed a two-headed ogre
  6824 | D:8      | Killed a two-headed ogre
  6911 | D:8      | Reached *** piety under Yredelemnul
  6911 | D:8      | Reached skill level 10 in Fighting
  6966 | D:8      | Found a sparkling altar of Nemelex Xobeh.
  6966 | D:8      | Found an iron altar of Okawaru.
  7120 | D:8      | Reached skill level 9 in Staves
  7158 | D:8      | Noticed a three-headed hydra
  7174 | D:8      | Killed a three-headed hydra
  7395 | D:9      | Reached XP level 11. HP: 75/94 MP: 10/13
  7472 | D:9      | Found a shadowy altar of Dithmenos.
  7576 | D:9      | Reached skill level 11 in Fighting
  7576 | D:9      | Received a gift from Yredelemnul (a mummy)
  7654 | D:9      | Reached skill level 10 in Staves
  7666 | D:9      | Got a slimy iron ring
  7668 | D:9      | Identified the ring "Kotrea" {+Blink rElec MP+9 Str-5
                  | Dex-3} (You found it on level 9 of the Dungeon)
  7791 | D:9      | Got an encrusted great mace
  7792 | D:9      | Identified the +8 great mace of Ramexyej {freeze, rF- Str-4
                  | Int+5} (You found it on level 9 of the Dungeon)
  7880 | D:9      | Noticed a two-headed ogre
  7886 | D:9      | Killed a two-headed ogre
  7886 | D:9      | Reached skill level 1 in Maces & Flails
  7891 | D:9      | Found a sacrificial altar of Ru.
  8048 | D:9      | Reached **** piety under Yredelemnul
  8056 | D:9      | Found a shattered altar of Ashenzari.
  8445 | D:9      | Identified a scroll of acquirement
  8448 | D:9      | Got a transparent quarterstaff
  8449 | D:9      | Identified the +0 quarterstaff "Guwai" {flame, rF+++ rC+
                  | Str+4 Int-3} (You acquired it on level 9 of the Dungeon)
  8480 | D:10     | Entered Level 10 of the Dungeon
  8553 | D:10     | Received a gift from Yredelemnul (a wight)
  8556 | D:10     | Reached skill level 2 in Maces & Flails
  8575 | D:10     | Noticed an unseen horror
  8583 | D:10     | Killed an unseen horror
  8583 | D:10     | Reached skill level 3 in Maces & Flails
  8683 | D:10     | Reached skill level 4 in Maces & Flails
  8904 | D:10     | Reached skill level 5 in Maces & Flails
  9074 | D:10     | Received a gift from Yredelemnul (2 flying skulls)
  9260 | D:10     | Noticed a two-headed ogre
  9265 | D:10     | Killed a two-headed ogre
  9265 | D:10     | Reached skill level 6 in Maces & Flails
  9266 | D:10     | Received a gift from Yredelemnul (a wight)
  9566 | D:11     | Noticed an unseen horror
  9566 | D:11     | Noticed a wizard
  9566 | D:11     | Noticed a deep elf mage
  9566 | D:11     | Noticed an orc knight
  9566 | D:11     | Noticed a red ugly thing
  9567 | D:11     | Noticed a manticore
  9567 | D:11     | Noticed an ogre mage
  9567 | D:11     | Noticed a white ugly thing
  9578 | D:11     | Killed an unseen horror
  9578 | D:11     | Reached skill level 7 in Maces & Flails
  9578 | D:11     | Reached XP level 12. HP: 96/105 MP: 5/14
  9591 | D:11     | Killed an ogre mage
  9591 | D:11     | Reached skill level 8 in Maces & Flails
  9598 | D:11     | Noticed a sixfirhy
  9808 | D:11     | Received a gift from Yredelemnul (5 flying skulls)
  9922 | D:11     | Reached skill level 9 in Maces & Flails
  9937 | D:11     | Found a staircase to the Lair.
 10138 | D:11     | Found a runed gate.
 10138 | D:11     | Found a runed gate.
 10138 | D:11     | Found a runed gate.
 10144 | D:11     | Noticed a green very ugly thing
 10171 | D:11     | Killed a white very ugly thing
 10174 | D:11     | Reached skill level 10 in Maces & Flails
 10233 | D:11     | Found a runed gate.
 10233 | D:11     | Found a runed gate.
 10238 | D:11     | Found a runed gate.
 10322 | D:11     | Noticed namelastname112's ghost (journeyman DrWn)
 10347 | D:11     | Killed namelastname112's ghost
 10397 | D:11     | Gained mutation: You are frail. (-10% HP) [mutagenic glow]
 10496 | D:11     | Reached skill level 11 in Maces & Flails
 11254 | Lair:1   | Entered Level 1 of the Lair of Beasts
 11300 | Lair:1   | Received a gift from Yredelemnul (a wight)
 11308 | Lair:1   | HP: 23/94 [poisoned by a spiny frog]
 11313 | Lair:1   | HP: 21/94 [poisoned by a spiny frog]
 11318 | Lair:1   | HP: 19/94 [poisoned by a spiny frog]
 11323 | Lair:1   | HP: 18/94 [poisoned by a spiny frog]
 11330 | Lair:1   | HP: 18/94 [poisoned by a spiny frog]
 11338 | Lair:1   | HP: 18/94 [poisoned by a spiny frog]
 11704 | Lair:1   | Noticed a seven-headed hydra
 11707 | Lair:1   | Noticed an eight-headed hydra
 11712 | Lair:1   | Killed an eight-headed hydra
 11712 | Lair:1   | Reached XP level 13. HP: 60/99 MP: 13/15
 11722 | Lair:1   | Killed an eight-headed hydra
 11986 | Lair:1   | Reached skill level 12 in Maces & Flails
 12426 | Lair:2   | Lost mutation: You are partially covered in molten scales.
                  | (AC +2) [potion of mutation]
 12426 | Lair:2   | Lost mutation: Armour fits poorly on your strangely shaped
                  | body. [potion of mutation]
 12426 | Lair:2   | Gained mutation: You are partially covered in large bone
                  | plates. (SH +4) [potion of mutation]
 12426 | Lair:2   | Gained mutation: You are agile. (Dex +2) [potion of
                  | mutation]
 12470 | Lair:2   | Noticed a six-headed hydra
 12484 | Lair:2   | Killed a six-headed hydra
 12725 | Lair:2   | Noticed Harold
 12739 | Lair:2   | Killed Harold
 12796 | Lair:2   | Reached skill level 13 in Maces & Flails
 12801 | Lair:2   | Received a gift from Yredelemnul (a wraith)
 12987 | Lair:2   | Noticed Sonja
 13009 | Lair:2   | Killed Sonja
 13504 | Lair:2   | Found a staircase to the Swamp.
 14566 | Lair:3   | Received a gift from Yredelemnul (a phantasmal warrior)
 14745 | Lair:3   | Reached skill level 14 in Maces & Flails
 14872 | Lair:3   | Found a runed door.
 14882 | Lair:3   | Noticed Hinish's ghost (journeyman DDFi)
 14961 | Lair:3   | Killed Hinish's ghost
 15079 | Lair:4   | Found a staircase to the Snake Pit.
 15366 | Lair:4   | Noticed a five-headed hydra
 15376 | Lair:4   | Killed a five-headed hydra
 15584 | Lair:4   | Found a runed gate.
 15584 | Lair:4   | Found a runed gate.
 15584 | Lair:4   | Found a runed gate.
 15584 | Lair:4   | Noticed Pamm's ghost (journeyman NaWz)
 15604 | Lair:4   | Received a gift from Yredelemnul (a skeletal warrior)
 15611 | Lair:4   | Killed Pamm's ghost
 15611 | Lair:4   | Reached skill level 15 in Maces & Flails
 15611 | Lair:4   | Reached XP level 14. HP: 90/106 MP: 16/16
 15876 | Lair:5   | Got an encrusted large shield
 15880 | Lair:5   | Found a staircase to the Slime Pits.
 15892 | Lair:5   | Identified the cursed +0 large shield of Theory {Stlth+}
                  | (You found it on level 5 of the Lair of Beasts)
 16102 | Lair:5   | Received a gift from Yredelemnul (a skeletal warrior)
 16232 | Lair:5   | Found a labyrinth entrance.
 16242 | Lab      | Entered a labyrinth
 16429 | Lab      | Noticed a minotaur
 16446 | Lab      | Killed a minotaur
 16988 | Lair:6   | Entered Level 6 of the Lair of Beasts
 17070 | Lair:6   | Reached skill level 16 in Maces & Flails
 17342 | Lair:6   | Reached ***** piety under Yredelemnul
 17476 | Lair:6   | Got an ancient iron ring
 17480 | Lair:6   | Got a clouded iron ring
 17481 | Lair:6   | Identified the ring of Quop Juf {+Blink AC+3} (You found it
                  | on level 6 of the Lair of Beasts)
 17482 | Lair:6   | Identified the ring of Sin {rPois Str+2} (You found it on
                  | level 6 of the Lair of Beasts)
 17607 | Lair:6   | Reached skill level 17 in Maces & Flails
 18330 | D:12     | Received a gift from Yredelemnul (a phantasmal warrior)
 18479 | D:12     | Reached skill level 6 in Shields
 18713 | D:12     | Reached XP level 15. HP: 111/111 MP: 17/17
 18808 | D:12     | Found a staircase to the Orcish Mines.
 18835 | D:12     | Reached skill level 6 in Armour
 19155 | D:13     | Reached skill level 4 in Dodging
 19469 | D:13     | Found a white marble altar of Elyvilon.
 19480 | D:13     | Received a gift from Yredelemnul (a phantasmal warrior)
 19487 | D:13     | Reached skill level 7 in Shields
 19558 | D:13     | Found a gate to the Vaults.
 19578 | D:13     | Received a gift from Yredelemnul (a phantasmal warrior)
 19593 | D:13     | Reached skill level 4 in Invocations
 19798 | D:13     | Noticed Azrael
 19822 | D:13     | Killed Azrael
 19826 | D:13     | Received a gift from Yredelemnul (a vampire knight)
 19869 | D:13     | Reached skill level 7 in Armour
 20157 | D:14     | Found a shattered altar of Ashenzari.
 20188 | D:14     | Reached skill level 5 in Dodging
 20312 | D:14     | Received a gift from Yredelemnul (a phantasmal warrior)
 20675 | D:15     | Entered Level 15 of the Dungeon
 20675 | D:15     | Found a staircase to the Depths.
 20735 | D:15     | Reached skill level 8 in Shields
 20735 | D:15     | Reached skill level 5 in Invocations
 21213 | D:15     | Received a gift from Yredelemnul (a skeletal warrior)
 21235 | D:15     | Reached ****** piety under Yredelemnul
 21463 | D:15     | Reached skill level 6 in Invocations
 21939 | Orc:1    | Entered Level 1 of the Orcish Mines
 21951 | Orc:1    | Reached skill level 8 in Armour
 22229 | Orc:1    | Noticed Urug
 22240 | Orc:1    | Killed Urug
 22753 | Orc:2    | Entered Level 2 of the Orcish Mines
 22753 | Orc:2    | Found a roughly hewn altar of Beogh.
 22813 | Orc:2    | Found Taliv's Gadget Shoppe.
 22813 | Orc:2    | Found Wedysei's General Store.
 22813 | Orc:2    | Reached skill level 6 in Dodging
 22815 | Orc:2    | Found Dexoah's Magic Scroll Boutique.
 22815 | Orc:2    | Found Nainigeb's Magic Scroll Shoppe.
 22817 | Orc:2    | Reached skill level 9 in Shields
 22830 | Orc:2    | Reached XP level 16. HP: 118/118 MP: 18/21
 22837 | Orc:2    | Reached skill level 7 in Invocations
 22846 | Orc:2    | Received a gift from Yredelemnul (a bone dragon)
 22871 | Orc:2    | Found a staircase to the Elven Halls.
 22966 | Orc:2    | Received a gift from Yredelemnul (a flayed ghost)
 23192 | Orc:2    | Bought a scroll of acquirement for 624 gold pieces
 23197 | Orc:2    | Got an ancient cloak
 23208 | Orc:2    | Identified the -2 cloak of Least Resistance {rF+ rCorr
                  | Slay-3} (You acquired it on level 2 of the Orcish Mines)
 23370 | Orc:2    | Bought a scroll of enchant armour for 90 gold pieces
 23370 | Orc:2    | Bought a scroll of enchant armour for 90 gold pieces
 23401 | Elf:1    | Entered Level 1 of the Elven Halls
 23442 | Elf:1    | Noticed Asterion
 23451 | Elf:1    | Killed Asterion
 23555 | Elf:1    | Reached skill level 9 in Armour
 23571 | Elf:1    | Noticed Kirke
 23579 | Elf:1    | Received a gift from Yredelemnul (a skeletal warrior)
 23591 | Elf:1    | Reached skill level 7 in Dodging
 23595 | Elf:1    | Killed Kirke
 23595 | Elf:1    | Reached skill level 10 in Shields
 23596 | Elf:1    | Reached skill level 8 in Invocations
 23611 | Elf:1    | HP: 18/118 [deep elf archer/arrow (23)]
 24074 | Elf:1    | Noticed Roxanne
 24088 | Elf:1    | Killed Roxanne
 24484 | Elf:2    | Found Rocuu's Distillery.
 24495 | Elf:2    | Bought a potion of experience for 1050 gold pieces
 24495 | Elf:2    | Reached skill level 12 in Fighting
 24495 | Elf:2    | Reached skill level 10 in Armour
 24495 | Elf:2    | Reached XP level 17. HP: 123/123 MP: 23/23
 24590 | Elf:2    | Received a gift from Yredelemnul (a skeletal warrior)
 24598 | Elf:2    | Reached skill level 11 in Shields
 24861 | Elf:2    | Reached skill level 8 in Dodging
 24904 | Elf:2    | Received a gift from Yredelemnul (a profane servitor)
 24978 | Elf:2    | Found a runed door.
 25002 | Elf:2    | Found a runed door.
 25170 | Elf:3    | Entered Level 3 of the Elven Halls
 25344 | Elf:3    | Reached skill level 9 in Invocations
 25478 | Elf:3    | Received a gift from Yredelemnul (a phantasmal warrior)
 25500 | Elf:3    | Noticed a deep elf blademaster
 25507 | Elf:3    | Noticed a deep elf master archer
 25514 | Elf:3    | Killed a deep elf blademaster
 25515 | Elf:3    | Noticed a deep elf master archer
 25515 | Elf:3    | Noticed a deep elf blademaster
 25518 | Elf:3    | Noticed an Executioner
 25518 | Elf:3    | Reached skill level 11 in Armour
 25525 | Elf:3    | Reached XP level 18. HP: 72/132 MP: 22/24
 25618 | Elf:2    | Killed a deep elf blademaster
 25801 | Elf:3    | Reached skill level 9 in Dodging
 25938 | Elf:3    | Noticed an Ice Fiend
 26189 | Swamp:1  | Entered Level 1 of the Swamp
 26713 | Swamp:1  | Reached skill level 13 in Fighting
 28147 | Swamp:3  | Received a gift from Yredelemnul (a skeletal warrior)
 28296 | Swamp:3  | Received a gift from Yredelemnul (a vampire knight)
 29120 | Swamp:4  | Entered Level 4 of the Swamp
 29165 | Swamp:4  | Received a gift from Yredelemnul (a skeletal warrior)
 29168 | Swamp:4  | Reached skill level 12 in Shields
 29227 | Swamp:4  | Reached skill level 12 in Armour
 29363 | Swamp:4  | Reached skill level 1 in Evocations
 29375 | Swamp:4  | Reached skill level 2 in Evocations
 29380 | Swamp:4  | Received a gift from Yredelemnul (a profane servitor)
 29401 | Swamp:4  | Reached skill level 3 in Evocations
 29454 | Swamp:4  | Got a decaying rune of Zot
 29524 | Swamp:4  | Reached skill level 4 in Evocations
 29525 | Swamp:4  | Received a gift from Yredelemnul (a vampire knight)
 29651 | Swamp:4  | Reached skill level 5 in Evocations
 30074 | Snake:1  | Entered Level 1 of the Snake Pit
 30213 | Snake:1  | Received a gift from Yredelemnul (a profane servitor)
 30224 | Snake:1  | Reached skill level 6 in Evocations
 30224 | Snake:1  | Reached XP level 19. HP: 139/139 MP: 25/25
 30298 | Snake:1  | Found Tipaofu's Distillery.
 30300 | Snake:1  | Found Dayx's Distillery.
 30302 | Snake:1  | Found Ysavyifi's Distillery.
 30313 | Snake:1  | Bought a potion of might for 44 gold pieces
 30313 | Snake:1  | Bought a potion of heal wounds for 55 gold pieces
 30313 | Snake:1  | Bought a potion of curing for 33 gold pieces
 30313 | Snake:1  | Bought a potion of curing for 33 gold pieces
 30313 | Snake:1  | Bought a potion of might for 44 gold pieces
 30313 | Snake:1  | Bought a potion of heal wounds for 55 gold pieces
 30313 | Snake:1  | Bought a potion of curing for 33 gold pieces
 30313 | Snake:1  | Bought a potion of agility for 44 gold pieces
 30315 | Snake:1  | Bought a potion of might for 60 gold pieces
 30315 | Snake:1  | Bought a potion of curing for 45 gold pieces
 30315 | Snake:1  | Bought a potion of curing for 45 gold pieces
 30315 | Snake:1  | Bought a potion of heal wounds for 75 gold pieces
 30319 | Snake:1  | Bought a potion of agility for 80 gold pieces
 30319 | Snake:1  | Bought a potion of curing for 60 gold pieces
 30319 | Snake:1  | Bought a potion of mutation for 160 gold pieces
 30382 | Snake:1  | Reached skill level 7 in Evocations
 30944 | Snake:2  | Received a gift from Yredelemnul (a vampire)
 31015 | Snake:3  | Noticed Agnes
 31022 | Snake:3  | Killed Agnes
 31022 | Snake:3  | Reached skill level 8 in Evocations
 31050 | Snake:3  | Got a faintly glowing crystal plate armour
 31068 | Snake:3  | Identified the +1 crystal plate armour "Guplel" {rC- Int+9}
                  | (You acquired it on level 3 of the Snake Pit)
 31174 | Snake:3  | Reached skill level 10 in Dodging
 31190 | Snake:3  | Found a frozen archway.
 31335 | IceCv    | Entered an ice cave
 32179 | Snake:3  | Found Baor's Gadget Shoppe.
 32180 | Snake:3  | Found Renkest's Jewellery Shop.
 32181 | Snake:3  | Found Heuxeh's Gadget Shoppe.
 32237 | Snake:4  | Entered Level 4 of the Snake Pit
 32325 | Snake:4  | Noticed Vashnia
 32338 | Snake:4  | Killed Vashnia
 32338 | Snake:4  | Enslaved Vashnia
 32343 | Snake:4  | Received a gift from Yredelemnul (a bone dragon)
 32529 | Snake:4  | Reached skill level 18 in Maces & Flails
 32536 | Snake:4  | Received a gift from Yredelemnul (a flayed ghost)
 32546 | Snake:4  | Reached skill level 14 in Fighting
 32563 | Snake:4  | Received a gift from Yredelemnul (a vampire knight)
 32571 | Snake:4  | Received a gift from Yredelemnul (a vampire knight)
 32571 | Snake:4  | Reached skill level 13 in Shields
 32721 | Snake:4  | Got a serpentine rune of Zot
 33206 | Elf:3    | Reached skill level 13 in Armour
 33209 | Elf:3    | Reached XP level 20. HP: 132/147 MP: 5/26
 33224 | Elf:3    | HP: 37/148 [deep elf annihilator/bolt of lightning (10)]
 33607 | Elf:3    | Got a glittering bronze ring
 33643 | Elf:3    | Found the +9 scales of the Dragon King {rPois rF+ rC+ MR+}
 33838 | Elf:3    | Identified the ring of Monotheism {rPois MR+ Slay+3} (You
                  | took it off a deep elf demonologist on level 3 of the Elven
                  | Halls)
 34035 | Elf:3    | Identified the cursed +3 long sword of Oschoer {vamp, -Tele
                  | rElec Str+4 Int+4} (You took it off a deep elf demonologist
                  | on level 3 of the Elven Halls)
 34049 | Elf:3    | Got a steaming tin ring
 34050 | Elf:3    | Identified the ring "Paell" {rN+ Str+4} (You found it on
                  | level 3 of the Elven Halls)
 34067 | Elf:3    | Identified the amulet "Keej" {Gourm MR+} (You found it on
                  | level 3 of the Elven Halls)
 34084 | Elf:3    | Identified the amulet "Xanguan" {Gourm rC+ Dex-4 SInv} (You
                  | found it on level 3 of the Elven Halls)
 34110 | Elf:3    | Got a brightly glowing chain mail
 34111 | Elf:3    | Identified the cursed +0 chain mail "Unouge" {-Tele Str+3
                  | Int+2} (You found it on level 3 of the Elven Halls)
 34160 | Elf:3    | Identified the +10 long sword of Jiub {slice, *Slow rF+
                  | MR+} (You found it on level 3 of the Elven Halls)
 34376 | Vaults:1 | Entered Level 1 of the Vaults
 34404 | Vaults:1 | Received a gift from Yredelemnul (a skeletal warrior)
 34408 | Vaults:1 | Reached skill level 11 in Dodging
 34552 | Vaults:1 | Received a gift from Yredelemnul (a vampire)
 35077 | Vaults:1 | Found Puituck's Magic Scroll Emporium.
 35102 | Vaults:1 | Received a gift from Yredelemnul (a phantasmal warrior)
 35138 | Vaults:1 | Reached skill level 14 in Shields
 35238 | Vaults:1 | Reached skill level 15 in Fighting
 35684 | Vaults:2 | Received a gift from Yredelemnul (a skeletal warrior)
 36027 | Vaults:2 | Reached skill level 14 in Armour
 36030 | Vaults:2 | Reached XP level 21. HP: 139/156 MP: 27/27
 36032 | Vaults:2 | Received a gift from Yredelemnul (a phantasmal warrior)
 36314 | Vaults:2 | Received a gift from Yredelemnul (a flayed ghost)
 36342 | Vaults:2 | Identified the cursed +1 arbalest of Loonuly {penet, +Inv
                  | rC++ rN+ Int-4} (You took it off a yaktaur captain on level
                  | 2 of the Vaults)
 36442 | Vaults:3 | Found a staircase to the Crypt.
 36730 | Vaults:3 | Received a gift from Yredelemnul (a vampire knight)
 36767 | Vaults:3 | Your ally Vashnia died
 36770 | Vaults:3 | Reached skill level 12 in Dodging
 37041 | Vaults:3 | Received a gift from Yredelemnul (a flayed ghost)
 37240 | Vaults:3 | Received a gift from Yredelemnul (a vampire knight)
 37240 | Vaults:3 | Reached skill level 19 in Maces & Flails
 37500 | Vaults:3 | Reached skill level 15 in Shields
 37681 | Vaults:4 | Received a gift from Yredelemnul (a vampire)
 37881 | Vaults:4 | Found Itirachagye's Distillery.
 37896 | Vaults:4 | Bought a potion of heal wounds for 65 gold pieces
 37896 | Vaults:4 | Bought a potion of cancellation for 104 gold pieces
 37896 | Vaults:4 | Bought a potion of cancellation for 104 gold pieces
 38031 | Vaults:4 | Reached skill level 16 in Fighting
 38240 | Vaults:4 | Reached skill level 15 in Armour
 38240 | Vaults:4 | Reached XP level 22. HP: 155/165 MP: 26/28
 38240 | Vaults:4 | Received a gift from Yredelemnul (a ghoul)
 38457 | Vaults:4 | Received a gift from Yredelemnul (a flayed ghost)
 38502 | Vaults:4 | Found Ugufapti's Armour Emporium.
 38510 | Vaults:4 | Bought a +0 pair of gloves of archery for 241 gold pieces
 38549 | Vaults:5 | Entered Level 5 of the Vaults
 38575 | Vaults:5 | Reached skill level 13 in Dodging
 38575 | Vaults:5 | Noticed Jory
 38582 | Vaults:5 | Received a gift from Yredelemnul (a ghoul)
 38587 | Vaults:5 | Noticed Saint Roka
 38594 | Vaults:5 | Killed Jory
 38600 | Vaults:5 | Killed Saint Roka
 38692 | Vaults:5 | Noticed an ancient lich
 38699 | Vaults:5 | Killed an ancient lich
 38703 | Vaults:5 | Received a gift from Yredelemnul (a vampire)
 38725 | Vaults:5 | Noticed a golden dragon
 38742 | Vaults:5 | Killed a golden dragon
 38793 | Vaults:5 | Received a gift from Yredelemnul (a vampire)
 38796 | Vaults:5 | Reached skill level 17 in Fighting
 38800 | Vaults:5 | Reached skill level 16 in Armour
 38958 | Vaults:5 | Reached XP level 23. HP: 92/173 MP: 14/29
 39017 | Vaults:5 | Received a gift from Yredelemnul (a vampire knight)
 39212 | Vaults:5 | Received a gift from Yredelemnul (a flayed ghost)
 39305 | Vaults:5 | Found Ychithrekk's Magic Scroll Boutique.
 39454 | Vaults:5 | Reached skill level 9 in Evocations
 39464 | Vaults:5 | Noticed a golden dragon
 39469 | Vaults:5 | Killed a golden dragon
 39472 | Vaults:5 | Reached skill level 10 in Invocations
 39520 | Vaults:5 | Received a gift from Yredelemnul (a vampire)
 39846 | Vaults:5 | Got a silver rune of Zot
 40347 | Depths:1 | Entered Level 1 of the Depths
 40351 | Depths:1 | Reached skill level 14 in Dodging
 40793 | Depths:1 | Found a gateway to a ziggurat.
 40859 | Depths:1 | Reached skill level 10 in Evocations
 40871 | Depths:1 | Received a gift from Yredelemnul (a vampire)
 40875 | Depths:1 | Reached skill level 11 in Invocations
 40979 | Depths:1 | Found a gateway to Hell.
 41132 | Depths:2 | Reached XP level 24. HP: 181/183 MP: 31/31
 41192 | Depths:2 | Received a gift from Yredelemnul (a vampire)
 41201 | Depths:2 | Found Yppy's Distillery.
 41203 | Depths:2 | Noticed a golden dragon
 41211 | Depths:2 | Killed a golden dragon
 41256 | Depths:2 | Bought a potion of magic for 160 gold pieces
 41256 | Depths:2 | Bought a potion of magic for 160 gold pieces
 41256 | Depths:2 | Bought 2 potions of agility for 160 gold pieces
 41256 | Depths:2 | Bought a potion of agility for 80 gold pieces
 41256 | Depths:2 | Bought a potion of heal wounds for 100 gold pieces
 41256 | Depths:2 | Bought a potion of heal wounds for 100 gold pieces
 41256 | Depths:2 | Bought a potion of heal wounds for 100 gold pieces
 41283 | Depths:2 | Received a gift from Yredelemnul (a skeletal warrior)
 41418 | Depths:2 | Reached skill level 17 in Armour
 41427 | Depths:2 | Received a gift from Yredelemnul (a flayed ghost)
 41510 | Depths:2 | Found a runed door.
 41720 | Depths:3 | Found a runed gate.
 41720 | Depths:3 | Found a runed gate.
 41720 | Depths:3 | Found a runed gate.
 41723 | Depths:3 | Noticed Jiopaif's ghost (journeyman SpBe)
 41746 | Depths:3 | Reached skill level 18 in Fighting
 41768 | Depths:3 | Received a gift from Yredelemnul (a flayed ghost)
 41895 | Depths:3 | Received a gift from Yredelemnul (a vampire)
 41947 | Depths:3 | Reached skill level 11 in Evocations
 41974 | Depths:3 | Got a pitted large shield
 41985 | Depths:3 | Identified the +6 large shield of Widenoycea {*Corrode
                  | rPois rC++ Str+4} (You found it on level 3 of the Depths)
 42069 | Depths:3 | Reached skill level 12 in Invocations
 42317 | Depths:3 | Found a one-way gate leading to the halls of Pandemonium.
 42560 | Depths:3 | Noticed a caustic shrike
 42568 | Depths:3 | Killed a caustic shrike
 42652 | Depths:4 | Received a gift from Yredelemnul (a flayed ghost)
 42683 | Depths:4 | Noticed a juggernaut
 42690 | Depths:4 | Killed a juggernaut
 42742 | Depths:4 | Reached XP level 25. HP: 158/189 MP: 21/32
 42797 | Depths:4 | Reached skill level 15 in Dodging
 42884 | Depths:4 | Received a gift from Yredelemnul (a bone dragon)
 43007 | Depths:4 | Received a gift from Yredelemnul (a skeletal warrior)
 43029 | Depths:4 | Noticed the Enchantress
 43042 | Depths:4 | Noticed a caustic shrike
 43043 | Depths:4 | Received a gift from Yredelemnul (a vampire knight)
 43048 | Depths:4 | Killed the Enchantress
 43048 | Depths:4 | Reached skill level 13 in Invocations
 43054 | Depths:4 | Killed a caustic shrike
 43054 | Depths:4 | Reached skill level 12 in Evocations
 43405 | Depths:4 | Found a corrupted altar of Lugonu.
 43468 | Depths:4 | Found a one-way gate to the infinite horrors of the Abyss.
 43578 | Depths:5 | Entered Level 5 of the Depths
 43588 | Depths:5 | Received a gift from Yredelemnul (a profane servitor)
 43755 | Depths:5 | Reached skill level 18 in Armour
 43762 | Depths:5 | Received a gift from Yredelemnul (a vampire)
 43820 | Depths:5 | Found a gate to the Realm of Zot.
 43957 | Zot:1    | Entered Level 1 of the Realm of Zot
 43998 | Zot:1    | Received a gift from Yredelemnul (a phantasmal warrior)
 44166 | Zot:1    | Reached skill level 19 in Fighting
 44223 | Zot:1    | Got a translucent ring mail
 44262 | Zot:1    | Identified the +1 ring mail of Doq Adam {Str+2} (You found
                  | it on level 1 of the Realm of Zot)
 44297 | Zot:1    | HP: 48/192 [electric golem/bolt of lightning (38)]
 44307 | Zot:1    | Received a gift from Yredelemnul (a skeletal warrior)
 45552 | Zot:1    | Reached skill level 14 in Invocations
 45859 | Zot:2    | Reached XP level 26. HP: 149/199 MP: 26/33
 45877 | Zot:2    | Reached skill level 13 in Evocations
 46871 | Zot:2    | Received a gift from Yredelemnul (a phantasmal warrior)
 47023 | Zot:2    | Reached skill level 16 in Dodging
 47721 | Zot:3    | Reached skill level 19 in Armour
 48099 | Zot:3    | Noticed a curse toe
 48107 | Zot:3    | Killed a curse toe
 48425 | Zot:3    | Reached skill level 20 in Fighting
 49024 | Zot:3    | Received a gift from Yredelemnul (a vampire knight)
 49415 | Zot:4    | Got a pair of scorched boots
 49416 | Zot:4    | Identified the cursed +0 pair of boots "Ommup" {rPois rF+
                  | MR- Int+7} (You found it on level 4 of the Realm of Zot)
 49429 | Zot:4    | Reached XP level 27. HP: 187/208 MP: 33/33
 49636 | Zot:4    | Received a gift from Yredelemnul (a ghoul)
 50280 | Zot:5    | Entered Level 5 of the Realm of Zot
 50306 | Zot:5    | Reached skill level 17 in Dodging
 50396 | Zot:5    | Reached skill level 20 in Armour
 50430 | Zot:5    | Identified Tigem's Almanac of the Rocks
 50593 | Zot:5    | Received a gift from Yredelemnul (a vampire)
 51203 | Zot:5    | Noticed an ancient lich
 51273 | Zot:4    | Reached skill level 21 in Fighting
 51300 | Zot:5    | Killed an ancient lich
 51305 | Zot:5    | Received a gift from Yredelemnul (a vampire knight)
 51310 | Zot:5    | Noticed an ancient lich
 51319 | Zot:4    | Killed an ancient lich
 51543 | Zot:5    | Received a gift from Yredelemnul (a phantasmal warrior)
 51635 | Zot:5    | Noticed an ancient lich
 51647 | Zot:5    | Noticed an ancient lich
 52031 | Zot:5    | Killed an ancient lich
 52161 | Zot:5    | Noticed an orb of fire
 52176 | Zot:5    | Gained mutation: You occasionally shout uncontrollably at
                  | your foes. [an orb of fire]
 52177 | Zot:5    | Gained mutation: Scrolls take you a little longer to read.
                  | [an orb of fire]
 52178 | Zot:5    | Gained mutation: You are very frail. (-20% HP) [an orb of
                  | fire]
 52189 | Zot:5    | Killed an orb of fire
 52190 | Zot:5    | Lost mutation: Scrolls take you a little longer to read.
                  | [potion of mutation]
 52190 | Zot:5    | Lost mutation: You are very frail. (-20% HP) [potion of
                  | mutation]
 52190 | Zot:5    | Gained mutation: You are resistant to electric shocks.
                  | (rElec) [potion of mutation]
 52190 | Zot:5    | Gained mutation: Your spells are a little harder to cast,
                  | but a little more powerful. [potion of mutation]
 52190 | Zot:5    | Gained mutation: You are partially covered in molten
                  | scales. (AC +2) [potion of mutation]
 52262 | Zot:5    | Reached skill level 18 in Dodging
 52267 | Zot:5    | Noticed an ancient lich
 52276 | Zot:5    | Killed an ancient lich
 52276 | Zot:5    | Reached skill level 21 in Armour
 52454 | Zot:5    | Noticed an orb of fire
 52470 | Zot:5    | Lost mutation: Your spells are a little harder to cast, but
                  | a little more powerful. [an orb of fire]
 52474 | Zot:5    | Lost mutation: You are agile. (Dex +2) [an orb of fire]
 52480 | Zot:5    | Killed an orb of fire
 52570 | Zot:5    | Noticed an orb of fire
 52583 | Zot:5    | Killed an ancient lich
 52592 | Zot:5    | Gained mutation: You are clumsy. (Dex -2) [an orb of fire]
 52604 | Zot:5    | Killed an orb of fire
 52623 | Zot:5    | Reached skill level 22 in Fighting
 52655 | Zot:5    | Noticed an ancient lich
 52666 | Zot:5    | Killed an ancient lich
 52676 | Zot:5    | Got the Orb of Zot
 52709 | Zot:5    | Noticed an ancient lich
 52754 | Zot:4    | Received a gift from Yredelemnul (a phantasmal warrior)
 53112 | D:10     | Noticed Pirecibb the pandemonium lord
 53131 | D:9      | Killed Pirecibb the pandemonium lord
 53229 | D:5      | Your ally Ijyb died
 53231 | D:5      | Your ally Duvessa died
 53236 | D:5      | Noticed a seraph
 53482 | D:4      | Noticed Eqeengei the pandemonium lord
 53596 | D:$      | Escaped with the Orb!

Vault maps used:
D:1:      roderic_octagonal_star, minmay_box_of_dots
D:2:      first_ration, lemuel_flame_loot_1, uniq_natasha
D:3:      old_standard_altar, uniq_crazy_yiuf_cottage, uniq_jessica,
          uniq_grinder
D:4:      minmay_temple_entry_from_below_a
D:5:      grunt_temple_overflow_growth_and_decay, zin_purify,
          lemuel_crystal_altar, uniq_duvessa, uniq_ijyb
D:6:      uniq_edmund, uniq_blork_the_orc
D:7:      lemuel_round_altar, old_standard_altar, gammafunk_ghost_mausoleum,
          yredelemnul_altar_generic
D:8:      gammafunk_temple_overflow_elements,
          hangedman_abyss_or_decor_jellyfish_corner, hangedman_ranch,
          uniq_prince_ribbit1, uniq_grum
D:9:      hangedman_cross_cluster, nicolae_overflow_hidden_temple,
          lemuel_coloured_pillars_altar, nicolae_ru_awakened_eye
D:10:     nooodl_orcs_dogs
D:11:     erik_lair_dragon, ploomutoo_gammafunk_ghost_potion_laboratory,
          minivault_28
D:12:     kennysheep_orc_monster_closet_entryway
D:13:     lightli_vaults_fourway_checkpoint, basic_altar,
          corexii_hall_statues_i, uniq_azrael
D:14:     basic_altar
D:15:     gammafunk_depths_entry_grave, special_room, serial_co_window_serial,
          co_window_paths_a, co_window_of_opportunity_a, co_window_paths_a,
          co_window_of_opportunity_a, co_window_of_opportunity_a,
          co_window_paths_a, co_window_2corner, co_window_corner_b,
          co_window_broadway_b, co_window_2corner, co_window_corner_b,
          co_window_corner_b, co_window_2corner, glass_columns_a,
          glass_columns_b
Lair:1:   grunt_megastairs_4
Lair:2:   nicolae_swamp_entry_splash_gauntlet, infiniplex_staircase_pool,
          minmay_lair_oklob_chamber, uniq_harold, uniq_sonja
Lair:3:   beast_lair_carwin_large_3, ebering_ghost_reflecting_pool,
          lemuel_fruit_tree
Lair:4:   minmay_snake_entry_guardpost_small, gammafunk_ghost_necromancy
Lair:5:   slime_dummy, lab_entry_generic
Lair:6:   evilmike_catoblepas_cave, st_stairs_3, cheibrodos_lair_lostbears
Swamp:1:  evilmike_swamp_ruin_rubble_1
Swamp:2:  serial_swamp_ruin, evilmike_swamp_ruin_house_4,
          evilmike_swamp_ruin_house_2, swamp_pool1, hangedman_swamp_blocks
Swamp:3:  cheibrodos_swamp_tower_of_moss, evilmike_swamp_ruin_house_1,
          swamp_pool5, hangedman_swamp_wriggling
Swamp:4:  grunt_swamp_rune_castle, nicolae_swamp_fairy_circle, swamp_pool2
Snake:1:  minmay_shop_star
Snake:2:  serial_shops, shop, nicolae_shop_competitors_out_of_business, shop,
          shop, shop
Snake:3:  portal_ice_cave_entry_pillars_three, minmay_shop_grove, uniq_agnes
Snake:4:  snake_pit, uniq_vashnia
Orc:1:    uniq_urug
Orc:2:    st_orc_ogre_mass, basic_altar
Elf:1:    eino_elf_arrival_sip, minivault_28, uniq_roxanne, uniq_asterion,
          uniq_kirke
Elf:2:    serial_shops, nicolae_shop_waterfront, spider_trap
Elf:3:    minmay_elf_hall_hex, lemuel_flamethrower_2
Vaults:1: v_alt_pattern_3, ontoclasm_vaults_hangar, v_pattern_5,
          vaults_room_semicircle, nicolae_vaults_little_squares_1,
          ontoclasm_vaults_decontamination, nicolae_vaults_little_squares_3,
          v_misc_26, hangedman_vaults_cutoff, ontoclasm_vaults_gallery,
          nicolae_vaults_little_ls, serial_shops, shop
Vaults:2: vaults_room_pool, ontoclasm_vaults_loading_screen,
          nicolae_vaults_yaktaur_gun_rack, hangedman_vaults_stagger,
          hangedman_vaults_corner_blocks, v_misc_18, vaults_mumra_minichess,
          v_misc_19, hangedman_vaults_maws, ontoclasm_vaults_claustrophobia,
          nicolae_vaults_network_square, vaults_room_large_hall, v_misc_8,
          vaults_room_hallway
Vaults:3: ontoclasm_vaults_pinch, nicolae_vaults_rhombus_7,
          minmay_crypt_entry_simple_sparse, vaults_standard_mumra_lines,
          grunt_vaults_focal, nicolae_vaults_gold_heap,
          nicolae_vaults_border_crossing, nicolae_vaults_branching_niches,
          vaults_room_ringed_pool, v_misc_12, hangedman_vaults_slither,
          v_misc_23
Vaults:4: nicolae_vaults_network_s, nicolae_vaults_display_case, v_rooms_5,
          v_misc_30, v_misc_19, vaults_room_mumra_shop_pool,
          nicolae_vaults_what_the_h, nicolae_vaults_circle_grid_a,
          vaults_room_pools, vaults_room_hallway,
          nicolae_vaults_little_squares_6, grunt_vaults_swirl, serial_shops,
          nicolae_shop_trees
Vaults:5: serial_shops, uniq_saint_roka, uniq_jory
Depths:1: enter_ziggurat_f, grunt_hell_entry_dis_grunt,
          kennysheep_cross_bottleneck, kennysheep_generic_room_15
Depths:2: cheibrodos_lost_city_excavation, infiniplex_staircase_zigzag_2,
          serial_shops, nicolae_shop_waterfront, grunt_mini_vestibule,
          kennysheep_treasure_room
Depths:3: thingy_vault, infiniplex_staircase_pool_2, rand_demon_pan_entry_7,
          special_room, pf_hell_entry_tar_river, biasface_ghost_demon_polymorph
Depths:4: minmay_bad_star, kennysheep_crisscross, abyss_entry_flame_altar,
          hell_entry, uniq_enchantress
Depths:5: grunt_x_marks_the_spot, serial_shops, shop, abyss_entry_crystal,
          serial_co_window_serial, co_window_of_opportunity_a,
          co_window_cross_1, co_window_paths_a, co_window_paths_b,
          co_window_cross_1, co_window_paths_b, co_window_of_opportunity_a,
          co_window_broadway_a, co_window_unsneaky_path_a,
          co_window_of_opportunity_c, co_window_2corner, hell_entry,
          hangedman_decor_peaks_small, pan_entry
Zot:1:    st_stairs_11
Zot:3:    basic_stair_grate_trap
Zot:4:    st_large_dragon_hoard_1
Zot:5:    guppyfry_library_mini
Lab:      labyrinth_hidden_loot, nicolae_lab_stuck
IceCv:    ice_cave_small_demon

Skill      XL: |  1  2  3  4  5  6  7  8  9 10 11 12 13 14 15 16 17 18 19 20 21 22 23 24 25 26 27 |
---------------+----------------------------------------------------------------------------------+-----
Dodging        | 1 2 3 6 7 8 9 10 11 12 13 14 15 16 18 | 18.6
Shields        | 4 5 6 9 10 11 12 13 14 15 | 15.0
Fighting       | 4 5 6 8 10 11 12 13 14 15 16 17 18 19 20 22 | 22.2
Armour         | 4 5 8 10 11 12 13 14 15 16 17 18 19 21 | 21.6
Long Blades    | 3 4 |  4.1
Staves         | 4 7 9 10 | 10.3
Invocations    | 3 6 8 9 11 12 14 | 14.3
Maces & Flails | 7 11 15 17 18 19 | 19.8
Evocations     | 6 8 10 11 12 13 | 13.1

Action                   |  1- 3 |  4- 6 |  7- 9 | 10-12 | 13-15 | 16-18 | 19-21 | 22-24 | 25-27 || total
-------------------------+-------+-------+-------+-------+-------+-------+-------+-------+-------++-------
Melee: Long sword        |    85 |    54 |    91 |       |       |       |       |       |       ||   230
       Quarterstaff      |       |       |   270 |   217 |    20 |       |    97 |       |       ||   604
       Great mace        |       |       |       |   203 |   638 |   512 |   693 |   721 |  1267 ||  4034
Invok: Animate Remains   |       |       |    21 |     8 |       |       |       |       |       ||    29
       Animate Dead      |       |       |       |    32 |    80 |    57 |    68 |    52 |    63 ||   352
       Recall Undead Sla |       |       |       |     2 |    13 |     7 |    10 |     8 |     7 ||    47
       Drain Life        |       |       |       |     1 |     2 |     8 |     4 |     8 |    10 ||    33
       Injury Mirror     |       |       |       |     1 |     3 |       |     2 |     1 |       ||     7
       Enslave Soul      |       |       |       |       |       |       |     1 |       |       ||     1
 Abil: Shaft Self        |       |       |     1 |       |       |       |       |       |       ||     1
Evoke: Wand              |       |    10 |     7 |    13 |     4 |     7 |     4 |       |    17 ||    62
       Box of beasts     |       |       |       |     3 |     4 |       |     2 |       |       ||     9
       Phial of floods   |       |       |       |       |     1 |       |       |       |       ||     1
       Lightning rod     |       |       |       |       |       |       |       |       |     2 ||     2
  Use: Potion            |     1 |     5 |     5 |     2 |     8 |     8 |     3 |     3 |    23 ||    58
       Scroll            |       |     7 |     4 |    10 |    15 |     6 |    21 |     5 |    12 ||    80
 Stab: Invisible         |       |       |     2 |     4 |     5 |       |       |       |     1 ||    12
       Confused          |       |       |     2 |     1 |       |       |       |       |       ||     3
       Distracted        |       |       |     2 |     3 |    13 |    16 |    13 |    15 |    16 ||    78
       Paralysed         |       |       |       |     7 |     1 |       |       |     4 |       ||    12
  Eat: Ration            |       |     1 |     3 |     5 |    15 |    13 |    12 |     7 |    17 ||    73
       Chunk             |       |       |    13 |    13 |    10 |       |     7 |    13 |     1 ||    57
Armor: Scale mail        |    49 |    16 |    76 |       |       |       |       |       |       ||   141
       Plate armour      |       |       |    12 |   182 |   227 |     8 |       |       |       ||   429
       Fire dragon scale |       |       |       |       |       |   120 |     6 |       |       ||   126
       Crystal plate arm |       |       |       |       |       |       |    85 |       |       ||    85
       Gold dragon scale |       |       |       |       |       |       |   106 |   163 |   394 ||   663
Dodge: Dodged            |    38 |    29 |   103 |    79 |   198 |   160 |   126 |   141 |   292 ||  1166
Block: Shield            |    67 |    34 |   219 |   230 |   538 |   103 |       |       |       ||  1191
       Large shield      |       |       |       |       |       |   332 |   762 |   725 |  1446 ||  3265
       Rpst.: Long sword |    14 |     6 |     7 |       |       |       |       |       |       ||    27

Table legend:
 A = Non-vault XP
 B = Vault XP
 C = Vault XP percentage of total XP
 D = Non-vault monster count
 E = Vault monster count
 F = Vault count percentage of total count
                 A         B        C        D         E       F
            +---------+---------+-------+---------+---------+-------
      Total |  635180 |  619577 |  49.4 |    1340 |     858 |  39.0
            +---------+---------+-------+---------+---------+-------
        D:1 |      25 |      10 |  28.6 |      17 |       6 |  26.1
        D:2 |     183 |      36 |  16.4 |      17 |       1 |   5.6
        D:3 |     130 |     345 |  72.6 |      20 |       3 |  13.0
        D:4 |     126 |       0 |   0.0 |      16 |       0 |   0.0
        D:5 |     398 |     259 |  39.4 |       9 |       3 |  25.0
        D:6 |     817 |     241 |  22.8 |      32 |       2 |   5.9
        D:7 |    1323 |       0 |   0.0 |      28 |       0 |   0.0
        D:8 |    1237 |    2503 |  66.9 |      22 |      14 |  38.9
        D:9 |    1421 |    1874 |  56.9 |      11 |      25 |  69.4
       D:10 |    3347 |     947 |  22.1 |      45 |      12 |  21.1
       D:11 |    2317 |    7665 |  76.8 |      24 |      29 |  54.7
       D:12 |    4741 |    1522 |  24.3 |      31 |      20 |  39.2
       D:13 |    5542 |    5495 |  49.8 |      33 |      21 |  38.9
       D:14 |    2719 |       0 |   0.0 |      14 |       0 |   0.0
       D:15 |    5237 |    4839 |  48.0 |      31 |      34 |  52.3
     Lair:1 |    4139 |      88 |   2.1 |      16 |       1 |   5.9
     Lair:2 |    2737 |    2430 |  47.0 |      15 |      10 |  40.0
     Lair:3 |    1240 |    2950 |  70.4 |       8 |      11 |  57.9
     Lair:4 |    4857 |    2226 |  31.4 |      21 |       9 |  30.0
     Lair:5 |    3602 |       0 |   0.0 |      14 |       0 |   0.0
     Lair:6 |    7945 |   10000 |  55.7 |      34 |      29 |  46.0
    Swamp:1 |    9603 |       0 |   0.0 |      26 |       0 |   0.0
    Swamp:2 |    7434 |       0 |   0.0 |      24 |       0 |   0.0
    Swamp:3 |    8718 |    3503 |  28.7 |      24 |      10 |  29.4
    Swamp:4 |   11982 |   10099 |  45.7 |      37 |      34 |  47.9
    Snake:1 |   10615 |       0 |   0.0 |      28 |       0 |   0.0
    Snake:2 |    2659 |       0 |   0.0 |      10 |       0 |   0.0
    Snake:3 |   19681 |    1402 |   6.6 |      37 |       1 |   2.6
    Snake:4 |    7957 |   23644 |  74.8 |      22 |      51 |  69.9
      Orc:1 |    1536 |     512 |  25.0 |      36 |       1 |   2.7
      Orc:2 |    1947 |   11789 |  85.8 |      21 |      38 |  64.4
      Elf:1 |    3173 |   11010 |  77.6 |       8 |      23 |  74.2
      Elf:2 |    9360 |    3897 |  29.4 |      28 |       4 |  12.5
      Elf:3 |    6537 |   31372 |  82.8 |      18 |      34 |  65.4
   Vaults:1 |   30336 |   19108 |  38.6 |      45 |      34 |  43.0
   Vaults:2 |    7631 |   19921 |  72.3 |      11 |      40 |  78.4
   Vaults:3 |   15549 |   30272 |  66.1 |      37 |      49 |  57.0
   Vaults:4 |   24286 |   24741 |  50.5 |      53 |      44 |  45.4
   Vaults:5 |   21598 |  118509 |  84.6 |      51 |     114 |  69.1
   Depths:1 |   35671 |    1482 |   4.0 |      53 |       3 |   5.4
   Depths:2 |   22987 |    6982 |  23.3 |      38 |      10 |  20.8
   Depths:3 |   27110 |   32950 |  54.9 |      39 |      43 |  52.4
   Depths:4 |   26904 |   35115 |  56.6 |      44 |      20 |  31.2
   Depths:5 |   16431 |   16871 |  50.7 |      29 |      16 |  35.6
      Zot:1 |   52135 |    3428 |   6.2 |      37 |       4 |   9.8
      Zot:2 |   55451 |       0 |   0.0 |      33 |       0 |   0.0
      Zot:3 |   66035 |       0 |   0.0 |      44 |       0 |   0.0
      Zot:4 |   20562 |   21164 |  50.7 |      11 |      11 |  50.0
      Zot:5 |   57209 |  146617 |  71.9 |      38 |      41 |  51.9
        Lab |       0 |    1078 | 100.0 |       0 |       1 | 100.0
      IceCv |       0 |     681 | 100.0 |       0 |       2 | 100.0
            +---------+---------+-------+---------+---------+-------

Vault maps used:
D:1:      roderic_octagonal_star, minmay_box_of_dots
D:2:      first_ration, lemuel_flame_loot_1, uniq_natasha
D:3:      old_standard_altar, uniq_crazy_yiuf_cottage, uniq_jessica,
          uniq_grinder
D:4:      minmay_temple_entry_from_below_a
D:5:      grunt_temple_overflow_growth_and_decay, zin_purify,
          lemuel_crystal_altar, uniq_duvessa, uniq_ijyb
D:6:      uniq_edmund, uniq_blork_the_orc
D:7:      lemuel_round_altar, old_standard_altar, gammafunk_ghost_mausoleum,
          yredelemnul_altar_generic
D:8:      gammafunk_temple_overflow_elements,
          hangedman_abyss_or_decor_jellyfish_corner, hangedman_ranch,
          uniq_prince_ribbit1, uniq_grum
D:9:      hangedman_cross_cluster, nicolae_overflow_hidden_temple,
          lemuel_coloured_pillars_altar, nicolae_ru_awakened_eye
D:10:     nooodl_orcs_dogs
D:11:     erik_lair_dragon, ploomutoo_gammafunk_ghost_potion_laboratory,
          minivault_28
D:12:     kennysheep_orc_monster_closet_entryway
D:13:     lightli_vaults_fourway_checkpoint, basic_altar,
          corexii_hall_statues_i, uniq_azrael
D:14:     basic_altar
D:15:     gammafunk_depths_entry_grave, special_room, serial_co_window_serial,
          co_window_paths_a, co_window_of_opportunity_a, co_window_paths_a,
          co_window_of_opportunity_a, co_window_of_opportunity_a,
          co_window_paths_a, co_window_2corner, co_window_corner_b,
          co_window_broadway_b, co_window_2corner, co_window_corner_b,
          co_window_corner_b, co_window_2corner, glass_columns_a,
          glass_columns_b
Lair:1:   grunt_megastairs_4
Lair:2:   nicolae_swamp_entry_splash_gauntlet, infiniplex_staircase_pool,
          minmay_lair_oklob_chamber, uniq_harold, uniq_sonja
Lair:3:   beast_lair_carwin_large_3, ebering_ghost_reflecting_pool,
          lemuel_fruit_tree
Lair:4:   minmay_snake_entry_guardpost_small, gammafunk_ghost_necromancy
Lair:5:   slime_dummy, lab_entry_generic
Lair:6:   evilmike_catoblepas_cave, st_stairs_3, cheibrodos_lair_lostbears
Swamp:1:  evilmike_swamp_ruin_rubble_1
Swamp:2:  serial_swamp_ruin, evilmike_swamp_ruin_house_4,
          evilmike_swamp_ruin_house_2, swamp_pool1, hangedman_swamp_blocks
Swamp:3:  cheibrodos_swamp_tower_of_moss, evilmike_swamp_ruin_house_1,
          swamp_pool5, hangedman_swamp_wriggling
Swamp:4:  grunt_swamp_rune_castle, nicolae_swamp_fairy_circle, swamp_pool2
Snake:1:  minmay_shop_star
Snake:2:  serial_shops, shop, nicolae_shop_competitors_out_of_business, shop,
          shop, shop
Snake:3:  portal_ice_cave_entry_pillars_three, minmay_shop_grove, uniq_agnes
Snake:4:  snake_pit, uniq_vashnia
Orc:1:    uniq_urug
Orc:2:    st_orc_ogre_mass, basic_altar
Elf:1:    eino_elf_arrival_sip, minivault_28, uniq_roxanne, uniq_asterion,
          uniq_kirke
Elf:2:    serial_shops, nicolae_shop_waterfront, spider_trap
Elf:3:    minmay_elf_hall_hex, lemuel_flamethrower_2
Vaults:1: v_alt_pattern_3, ontoclasm_vaults_hangar, v_pattern_5,
          vaults_room_semicircle, nicolae_vaults_little_squares_1,
          ontoclasm_vaults_decontamination, nicolae_vaults_little_squares_3,
          v_misc_26, hangedman_vaults_cutoff, ontoclasm_vaults_gallery,
          nicolae_vaults_little_ls, serial_shops, shop
Vaults:2: vaults_room_pool, ontoclasm_vaults_loading_screen,
          nicolae_vaults_yaktaur_gun_rack, hangedman_vaults_stagger,
          hangedman_vaults_corner_blocks, v_misc_18, vaults_mumra_minichess,
          v_misc_19, hangedman_vaults_maws, ontoclasm_vaults_claustrophobia,
          nicolae_vaults_network_square, vaults_room_large_hall, v_misc_8,
          vaults_room_hallway
Vaults:3: ontoclasm_vaults_pinch, nicolae_vaults_rhombus_7,
          minmay_crypt_entry_simple_sparse, vaults_standard_mumra_lines,
          grunt_vaults_focal, nicolae_vaults_gold_heap,
          nicolae_vaults_border_crossing, nicolae_vaults_branching_niches,
          vaults_room_ringed_pool, v_misc_12, hangedman_vaults_slither,
          v_misc_23
Vaults:4: nicolae_vaults_network_s, nicolae_vaults_display_case, v_rooms_5,
          v_misc_30, v_misc_19, vaults_room_mumra_shop_pool,
          nicolae_vaults_what_the_h, nicolae_vaults_circle_grid_a,
          vaults_room_pools, vaults_room_hallway,
          nicolae_vaults_little_squares_6, grunt_vaults_swirl, serial_shops,
          nicolae_shop_trees
Vaults:5: serial_shops, uniq_saint_roka, uniq_jory
Depths:1: enter_ziggurat_f, grunt_hell_entry_dis_grunt,
          kennysheep_cross_bottleneck, kennysheep_generic_room_15
Depths:2: cheibrodos_lost_city_excavation, infiniplex_staircase_zigzag_2,
          serial_shops, nicolae_shop_waterfront, grunt_mini_vestibule,
          kennysheep_treasure_room
Depths:3: thingy_vault, infiniplex_staircase_pool_2, rand_demon_pan_entry_7,
          special_room, pf_hell_entry_tar_river, biasface_ghost_demon_polymorph
Depths:4: minmay_bad_star, kennysheep_crisscross, abyss_entry_flame_altar,
          hell_entry, uniq_enchantress
Depths:5: grunt_x_marks_the_spot, serial_shops, shop, abyss_entry_crystal,
          serial_co_window_serial, co_window_of_opportunity_a,
          co_window_cross_1, co_window_paths_a, co_window_paths_b,
          co_window_cross_1, co_window_paths_b, co_window_of_opportunity_a,
          co_window_broadway_a, co_window_unsneaky_path_a,
          co_window_of_opportunity_c, co_window_2corner, hell_entry,
          hangedman_decor_peaks_small, pan_entry
Zot:1:    st_stairs_11
Zot:3:    basic_stair_grate_trap
Zot:4:    st_large_dragon_hoard_1
Zot:5:    guppyfry_library_mini
Lab:      labyrinth_hidden_loot, nicolae_lab_stuck
IceCv:    ice_cave_small_demon

Table legend:
 A = Turns spent in this place as a percentage of turns spent in the entire game.
 B = Non-inter-level travel turns spent in this place as a percentage of non-inter-level travel turns spent in the entire game.
 C = Inter-level travel turns spent in this place as a percentage of turns spent in this place.
 D = Turns resting spent in this place as a percentage of non-inter-level travel turns spent in this place.
 E = Turns spent auto-exploring this place as a percentage of non-inter-level travel turns spent in this place.
 F = Non-inter-level travel turns spent in this place divided by the number of levels of this place that you've seen.
                   A       B       C       D       E      F
               +-------+-------+-------+-------+-------+----------------------
         Total | 100.0 | 100.0 |   7.3 |  21.6 |  51.6 | 974.6
       Dungeon |  30.3 |  29.5 |   9.8 |  19.6 |  56.9 | 977.3
          Lair |  13.2 |  13.2 |   6.7 |  26.8 |  56.9 | 1097.2
         Swamp |   6.5 |   6.6 |   5.9 |  12.9 |  60.4 | 816.2
     Snake Pit |   5.3 |   5.3 |   7.8 |  12.4 |  62.0 | 655.8
  Orcish Mines |   3.1 |   2.7 |  19.0 |  16.4 |  62.7 | 676.0
   Elven Halls |   6.9 |   7.0 |   5.8 |  41.1 |  31.9 | 1164.3
        Vaults |  11.1 |  11.5 |   3.9 |   5.0 |  63.1 | 1139.2
        Depths |   7.6 |   7.2 |  11.5 |   2.0 |  56.7 | 717.2
           Zot |  15.5 |  16.4 |   2.1 |  41.3 |  28.8 | 1628.6
     Labyrinth |   0.5 |   0.5 |   0.0 |   0.0 |   0.0 | 246.0
      Ice Cave |   0.1 |   0.1 |   0.0 |   0.0 |   9.8 |  61.0
               +-------+-------+-------+-------+-------+----------------------

Table legend:
 A = Kills in this place as a percentage of kills in entire the game.
 B = Kills by you in this place as a percentage of kills by you in the entire game.
 C = Kills by friends in this place as a percentage of kills by friends in the entire game.
 D = Other kills in this place as a percentage of other kills in the entire game.
 E = Experience gained in this place as a percentage of experience gained in the entire game.
 F = Experience gained in this place divided by the number of levels of this place that you have seen.
                   A       B       C       D       E      F
               +-------+-------+-------+-------+-------+----------------------
         Total | 100.0 | 100.0 | 100.0 | 100.0 | 100.0 | 24856.0
       Dungeon |  23.7 |  27.8 |  17.9 |  26.7 |   4.8 | 4015.9
          Lair |   7.6 |   8.6 |   6.3 |   0.0 |   3.3 | 7035.7
         Swamp |   7.0 |   6.6 |   7.7 |   6.7 |   4.0 | 12834.8
     Snake Pit |   6.7 |   4.1 |  10.2 |  26.7 |   5.2 | 16489.5
  Orcish Mines |   4.3 |   3.5 |   5.6 |   0.0 |   1.2 | 7892.0
   Elven Halls |   5.2 |   3.1 |   7.9 |  20.0 |   5.2 | 21783.0
        Vaults |  21.6 |  19.7 |  24.7 |   0.0 |  24.6 | 62390.2
        Depths |  13.5 |  12.7 |  14.6 |   6.7 |  17.8 | 45143.4
           Zot |  10.2 |  13.7 |   5.1 |  13.3 |  33.7 | 85469.0
     Labyrinth |   0.0 |   0.1 |   0.0 |   0.0 |   0.1 | 1078.0
      Ice Cave |   0.1 |   0.2 |   0.0 |   0.0 |   0.1 | 681.0
               +-------+-------+-------+-------+-------+----------------------
